Workbook

Sheet 請求書入力説明
C2: 請求書 材料その他用 入力説明
C4: ※単価契約№は、2023年10月1日以降に締結する単価契約書の注文書№を入力してください
C5: 2023年9月30日までに締結している分の請求書には、単価契約№は入力不要です。
C7: 「材料その他用」請求書発行の注意点
C8: ① 工事№ごとに請求書を発行してください。同月に複数の工事№の請求書を発行する場合は、工事№ごとに発行していただけますようお願いいたします
C9: ② 単価契約で締結している場合は、こちらの請求書で発行してください
C10: ③ 注文書締結分（単価契約は除く）は、別請求書作成データ「外注請求用」で発行してください。
C11: ③ 消費税額は、切り捨てで計算しております
C12: ④ 別紙明細でまとめる場合でも、異なる消費税率が明細に含まれている場合は、消費税率ごとに明細を入力してください
C14: 「材料その他用」請求書発行・印刷・提出の流れ
C15: 発行：「入力フォーム」に、必要項目を入力する
C16: 印刷：「請求書_材料その他用（提出用）」から、請求書のみを印刷する
... C22: 「発行会社情報」
C23: 項目 | D23: 文字制限 | E23: 説明 | F23: 備考
C24: 登録番号 | D24: 13桁、数字のみ | E24: 「T」より後ろの登録番号を入力してください | F24: 登録番号を登録されていない場合は、空白のままにしておいください
C25: 取引先№ | D25: 8桁以内、数字のみ | E25: 取引先№を入力してください | F25: 取引先№が不明な場合は、担当者にお問い合わせください
B26: ● | C26: 住所（1行目） | E26: 発行元の住所を入力してください
C27: 住所（2行目）
B28: ● | C28: 会社名（1行目） | E28: 発行元の会社名を入力してください
C29: 会社名（2行目）
B30: ● | C30: ＴＥＬ | E30: 請求書に関して連絡可能な電話番号を入力してください
B31: ● | C31: ＦＡＸ | E31: 請求書に関して連絡可能なFAX番号を入力してください
B32: ● | C32: 担当者名 | E32: 発行元の担当者名を入力してください | F32: 請求書発行元の担当者名
C34: 「発行請求書情報」
C35: 項目 | D35: 文字制限 | E35: 説明 | F35: 備考
B36: ● | C36: 請求日(締切日) | D36: 日付 | E36: 請求書の締切年月日を入力してください | F36: 入力方法 例）2023年8月10日の場合は、8/10・8月10日・2023/8/10・2023年8月10日
C37: 単価契約№（注文書№） | D37: 9桁、数字のみ | E37: 単価契約締結済のみ、請求書の注文書№を入力してください | F37: 単価契約№は、締結済の注文書をご確認ください、不明な場合は、担当者にお問い合わせください
B38: ● | C38: 工事№(請求番号) | D38: 主が6桁・枝が3桁、数字のみ | E38: 請求書の工事№を入力してください（主は、2桁-4桁から、6桁に変更） | F38: 工事№は、締結済の注文書をご確認ください、不明な場合は、担当者にお問い合わせください
B39: ● | C39: 工事名称(件名) | E39: 請求書の工事名称を入力してください | F39: 工事名称は、締結済の注文書をご確認ください、不明な場合は、担当者にお問い合わせください
B40: ● | C40: 工事担当者 | E40: 請求書の工事担当者名を入力してください | F40: 信和建設の担当者名
C42: 「請求明細（税抜）」
C43: 項目 | D43: 文字制限 | E43: 説明 | F43: 備考
B44: ● | C44: 日付 | D44: 日付 | E44: 明細ごとの日付（作業日・納品日等）を入力してください | F44: 入力方法 例）2023年8月10日の場合は、8/10・8月10日・2023/8/10・2023年8月10日
B45: ● | C45: 摘要 | E45: 明細ごとの摘要（作業内容・納品物等）を入力してください | F45: 表現（入力内容）について、不明な場合は、担当者にお問い合わせください
B46: ● | C46: 税区分 | D46: ▼リストより選択 | E46: 明細ごとの消費税を選択してください | F46: 「10％」・「8％（軽減）」・「非課税」・「不課税」の中から選択してください
B47: ● | C47: 数量 | D47: 数字のみ | E47: 明細ごとの数量を入力してください | F47: 数量×単価で金額（小数点以下切り捨て）が計算されます
B48: ● | C48: 単位 | E48: 明細ごとの単位を入力してください | F48: 単位が明確でない場合は、「式」を入力してください
B49: ● | C49: 単価 | D49: 数字のみ | E49: 明細ごとの単価を入力してください | F49: 数量×単価で金額（小数点以下切り捨て）が計算されます
C51: 「備考」
C52: 項目 | D52: 文字制限 | E52: 説明 | F52: 備考
C53: 備考 | E53: 備考がありましたら、入力してください

Sheet 入力フォーム
B2: 請求書 材料その他用 入力フォーム | G2: （単位：円）
B3: 前項の入力説明に沿って、黄色のセルにご入力ください。
B4: 次項のフォーマットに自動転記されますので、請求書のみを印刷してご利用ください。（白黒印刷で差し支えありません）
B6: 発行会社情報 | G6: 発行請求書情報 | L6: 請求書 税区分別内訳
B7: 登録番号 | C7: 5120001204946 | G7: 請求日(締切日) | H7: 45179 | L7: 税区分別内訳 | M7: 税抜金額 | N7: 消費税額 | O7: 税込金額
B8: 取引先№ | C8: 110000 | G8: 単価契約№ | H8: 230001001 | L8: 10% 対象 | M8: =IF(K20="","",SUMIF(G20:G25,消費税区分!B3,入力フォーム!K20:K25)) -> 60000 | N8: =IF(K20="","",K27) -> 6000 | O8: =IF(K20="","",M8+N8) -> 66000
B9: 住所（1行目） | C9: 大阪府大阪市中央区南船場１丁目１８番１１号 | G9: 工事№(請求番号) | H9: 230001 | I9: － | J9: 0 | L9: 8%(軽減)対象 | M9: =IF(K20="","",SUMIF(G20:G25,消費税区分!B4,入力フォーム!K20:K25)) -> 0 | N9: =IF(K20="","",K28) -> 0 | O9: =IF(K20="","",M9+N9) -> 0
B10: 住所（2行目） | G10: 工事名称(件名) | H10: 中央区南船場マンション新築工事 | L10: 非課税 対象 | M10: =IF(K20="","",SUMIF(G20:G25,消費税区分!B5,入力フォーム!K20:K25)) -> 0 | N10: － | O10: =IF(K20="","",M10) -> 0
B11: 会社名（1行目） | C11: 信和ホールディングス株式会社 | G11: 工事担当者 | H11: 信和 次郎 | L11: 不課税 対象 | M11: =IF(K20="","",SUMIF(G20:G25,消費税区分!B6,入力フォーム!K20:K25)) -> 0 | N11: － | O11: =IF(K20="","",M11) -> 0
B12: 会社名（2行目） | L12: 合計 | M12: =IF($G$20="","",SUM(M8:M11)) -> 60000 | N12: =IF($G$20="","",SUM(N8:N11)) -> 6000 | O12: =IF($G$20="","",SUM(O8:O11)) -> 66000
B13: ＴＥＬ | C13: 06-6265-4840 | G13: 請求金額 | H13: =IF(G20="","",K30) -> 66000
B14: ＦＡＸ | C14: 06-6265-4850
B15: 担当者名 | C15: 信和 太郎
B17: 請求明細（税抜） | M17: 備考
B18: 日 付 | C18: 摘 要 | G18: 税 区 分 | H18: 数 量 | I18: 単 位 | J18: 単 価 | K18: 金額（税抜） | M18: 備考（1行目）
M19: 備考（2行目）
B20: 45153 | C20: ゴミ処理代 | G20: 0.1 | H20: 1 | I20: 式 | J20: 20000 | K20: =IF(G20="","",ROUNDDOWN(H20*J20,0)) -> 20000 | M20: 備考（3行目）
B21: 45169 | C21: ゴミ処理代 | G21: 0.1 | H21: 1 | I21: 式 | J21: 20000 | K21: =IF(G21="","",ROUNDDOWN(H21*J21,0)) -> 20000 | M21: 備考（4行目）
B22: 45174 | C22: ゴミ処理代 | G22: 0.1 | H22: 1 | I22: 式 | J22: 20000 | K22: =IF(G22="","",ROUNDDOWN(H22*J22,0)) -> 20000 | M22: 備考（5行目）
K23: =IF(G23="","",ROUNDDOWN(H23*J23,0)) | M23: 備考（6行目）
K24: =IF(G24="","",ROUNDDOWN(H24*J24,0))
K25: =IF(G25="","",ROUNDDOWN(H25*J25,0))
B26: 税抜 合計 | K26: =IF(G20="","",SUM(K20:K25)) -> 60000
B27: 10% 対象 | K27: =ROUNDDOWN(SUMIF($G$20:$G$25,消費税区分!$B3,入力フォーム!K$20:K$25)*0.1,0) -> 6000
B28: 8%(軽減)対象 | K28: =ROUNDDOWN(SUMIF($G$20:$G$25,消費税区分!$B4,入力フォーム!K$20:K$25)*0.08,0) -> 0
B29: 消費税 合計 | K29: =SUM(K27:K28) -> 6000
B30: 税込 合計 | K30: =SUM(K29,K26) -> 66000

Sheet 【自動転記】請求書_材料その他用（提出用）
B1: 請 求 書
B2: 信和建設株式会社 | S2: 御中 | V2: （ 材 料 そ の 他 用 ） | AE2: 登録番号 | AH2: =IF(入力フォーム!C7="","",入力フォーム!C7) -> 5120001204946
B4: 下記の通り請求いたします
Y5: 取引先№ | AB5: =IF(入力フォーム!C8="","",入力フォーム!C8) -> 110000 | AM5: 会社印
B7: 請求日(締切日) | F7: =IF(入力フォーム!H7="","",入力フォーム!H7) -> 45179
Y8: 住所
AB9: =IF(入力フォーム!C9="","",入力フォーム!C9) -> 大阪府大阪市中央区南船場１丁目１８番１１号
B10: 単価契約№ | F10: =IF(入力フォーム!H8="","",入力フォーム!H8) -> 230001001
AB11: =IF(入力フォーム!C10="","",入力フォーム!C10)
B13: 工事№(請求番号) | F13: =IF(入力フォーム!H9="","",入力フォーム!H9) -> 230001 | J13: - | L13: =IF(入力フォーム!J9="","",入力フォーム!J9) -> 0 | O13: 工事担当者 | S13: =IF(入力フォーム!H11="","",入力フォーム!H11) -> 信和 次郎
Y14: 会社名
AB15: =IF(入力フォーム!C11="","",入力フォーム!C11) -> 信和ホールディングス株式会社
B16: 工事名称(件名)
F17: =IF(入力フォーム!H10="","",入力フォーム!H10) -> 中央区南船場マンション新築工事 | AB17: =IF(入力フォーム!C12="","",入力フォーム!C12)
Y20: ＴＥＬ | AB20: =IF(入力フォーム!C13="","",入力フォーム!C13) -> 06-6265-4840
B21: 請求金額 | F21: =入力フォーム!H13 -> 66000 | Y21: ＦＡＸ | AB21: =IF(入力フォーム!C14="","",入力フォーム!C14) -> 06-6265-4850
Y22: 担当者名 | AB22: =IF(入力フォーム!C15="","",入力フォーム!C15) -> 信和 太郎
B24: 日 付 | E24: 摘 要 | AA24: 税区分 | AD24: 数 量 | AG24: 単位 | AI24: 単 価 | AM24: 金額(税抜)
B25: =IF(入力フォーム!B20="","",入力フォーム!B20) -> 45153 | E25: =IF(入力フォーム!C20="","",入力フォーム!C20) -> ゴミ処理代 | AA25: =IF(入力フォーム!G20="","",入力フォーム!G20) -> 0.1 | AD25: =IF(入力フォーム!H20="","",入力フォーム!H20) -> 1 | AG25: =IF(入力フォーム!I20="","",入力フォーム!I20&" ") -> 式 | AI25: =IF(入力フォーム!J20="","",入力フォーム!J20) -> 20000 | AM25: =IF(入力フォーム!K20="","",入力フォーム!K20) -> 20000
B26: =IF(入力フォーム!B21="","",入力フォーム!B21) -> 45169 | E26: =IF(入力フォーム!C21="","",入力フォーム!C21) -> ゴミ処理代 | AA26: =IF(入力フォーム!G21="","",入力フォーム!G21) -> 0.1 | AD26: =IF(入力フォーム!H21="","",入力フォーム!H21) -> 1 | AG26: =IF(入力フォーム!I21="","",入力フォーム!I21&" ") -> 式 | AI26: =IF(入力フォーム!J21="","",入力フォーム!J21) -> 20000 | AM26: =IF(入力フォーム!K21="","",入力フォーム!K21) -> 20000
B27: =IF(入力フォーム!B22="","",入力フォーム!B22) -> 45174 | E27: =IF(入力フォーム!C22="","",入力フォーム!C22) -> ゴミ処理代 | AA27: =IF(入力フォーム!G22="","",入力フォーム!G22) -> 0.1 | AD27: =IF(入力フォーム!H22="","",入力フォーム!H22) -> 1 | AG27: =IF(入力フォーム!I22="","",入力フォーム!I22&" ") -> 式 | AI27: =IF(入力フォーム!J22="","",入力フォーム!J22) -> 20000 | AM27: =IF(入力フォーム!K22="","",入力フォーム!K22) -> 20000
B28: =IF(入力フォーム!B23="","",入力フォーム!B23) | E28: =IF(入力フォーム!C23="","",入力フォーム!C23) | AA28: =IF(入力フォーム!G23="","",入力フォーム!G23) | AD28: =IF(入力フォーム!H23="","",入力フォーム!H23) | AG28: =IF(入力フォーム!I23="","",入力フォーム!I23&" ") | AI28: =IF(入力フォーム!J23="","",入力フォーム!J23) | AM28: =IF(入力フォーム!K23="","",入力フォーム!K23)
B29: =IF(入力フォーム!B24="","",入力フォーム!B24) | E29: =IF(入力フォーム!C24="","",入力フォーム!C24) | AA29: =IF(入力フォーム!G24="","",入力フォーム!G24) | AD29: =IF(入力フォーム!H24="","",入力フォーム!H24) | AG29: =IF(入力フォーム!I24="","",入力フォーム!I24&" ") | AI29: =IF(入力フォーム!J24="","",入力フォーム!J24) | AM29: =IF(入力フォーム!K24="","",入力フォーム!K24)
B30: =IF(入力フォーム!B25="","",入力フォーム!B25) | E30: =IF(入力フォーム!C25="","",入力フォーム!C25) | AA30: =IF(入力フォーム!G25="","",入力フォーム!G25) | AD30: =IF(入力フォーム!H25="","",入力フォーム!H25) | AG30: =IF(入力フォーム!I25="","",入力フォーム!I25&" ") | AI30: =IF(入力フォーム!J25="","",入力フォーム!J25) | AM30: =IF(入力フォーム!K25="","",入力フォーム!K25)
B31: 合 計 | AM31: =IF(入力フォーム!K26="","",入力フォーム!K26) -> 60000
B33: 税区分別内訳 | F33: 税抜金額 | M33: 消費税額 | T33: 税込金額 | Z33: 備 考 | AA33: =IF(入力フォーム!N18="","",入力フォーム!N18)
B34: 10% 対象 | F34: =入力フォーム!M8 -> 60000 | M34: =入力フォーム!N8 -> 6000 | T34: =入力フォーム!O8 -> 66000 | AA34: =IF(入力フォーム!N19="","",入力フォーム!N19)
B35: 8%(軽減)対象 | F35: =入力フォーム!M9 -> 0 | M35: =入力フォーム!N9 -> 0 | T35: =入力フォーム!O9 -> 0 | AA35: =IF(入力フォーム!N20="","",入力フォーム!N20)
B36: 非課税 対象 | F36: =入力フォーム!M10 -> 0 | M36: － | T36: =入力フォーム!O10 -> 0 | AA36: =IF(入力フォーム!N21="","",入力フォーム!N21)
B37: 不課税 対象 | F37: =入力フォーム!M11 -> 0 | M37: － | T37: =入力フォーム!O11 -> 0 | AA37: =IF(入力フォーム!N22="","",入力フォーム!N22)
B38: 合 計 | F38: =IF(入力フォーム!M12="","",入力フォーム!M12) -> 60000 | M38: =IF(入力フォーム!N12="","",入力フォーム!N12) -> 6000 | T38: =IF(入力フォーム!O12="","",入力フォーム!O12) -> 66000 | AA38: =IF(入力フォーム!N23="","",入力フォーム!N23)
B40: 信和建設使用欄
B43: 信和建設株式会社_指定請求書_材料その他用_Ver1.01_20230825

Sheet 【直接入力】請求書_材料その他用（提出用)
B1: 請 求 書
B2: 信和建設株式会社 | S2: 御中 | V2: （ 材 料 そ の 他 用 ） | AE2: 登録番号 | AH2: 5120001204946
B4: 下記の通り請求いたします
Y5: 取引先№ | AB5: 110000 | AM5: 会社印
B7: 請求日(締切日) | F7: 45179
Y8: 住所
AB9: 大阪府大阪市中央区南船場１丁目１８番１１号
B10: 単価契約№ | F10: 230001001
B13: 工事№(請求番号) | F13: 230001 | J13: - | L13: 0 | O13: 工事担当者 | S13: 信和 次郎
Y14: 会社名
AB15: 信和ホールディングス株式会社
B16: 工事名称(件名)
F17: 中央区南船場マンション新築工事
Y20: ＴＥＬ | AB20: 06-6265-4840
B21: 請求金額 | F21: =T38 -> 66000 | Y21: ＦＡＸ | AB21: 06-6265-4850
Y22: 担当者名 | AB22: 信和 太郎
B24: 日 付 | E24: 摘 要 | AA24: 税区分 | AD24: 数 量 | AG24: 単位 | AI24: 単 価 | AM24: 金額(税抜)
B25: 45153 | E25: ゴミ処理代 | AA25: 0.1 | AD25: 1 | AG25: 式 | AI25: 20000 | AM25: =IF(AA25="","",ROUNDDOWN(AD25*AI25,0)) -> 20000
B26: 45169 | E26: ゴミ処理代 | AA26: 0.1 | AD26: 1 | AG26: 式 | AI26: 20000 | AM26: =IF(AA26="","",ROUNDDOWN(AD26*AI26,0)) -> 20000
B27: 45174 | E27: ゴミ処理代 | AA27: 0.1 | AD27: 1 | AG27: 式 | AI27: 20000 | AM27: =IF(AA27="","",ROUNDDOWN(AD27*AI27,0)) -> 20000
AM28: =IF(AA28="","",ROUNDDOWN(AD28*AI28,0))
AM29: =IF(AA29="","",ROUNDDOWN(AD29*AI29,0))
AM30: =IF(AA30="","",ROUNDDOWN(AD30*AI30,0))
B31: 合 計 | AM31: =SUM(AM25:AP30) -> 60000
B33: 税区分別内訳 | F33: 税抜金額 | M33: 消費税額 | T33: 税込金額 | Z33: 備 考
B34: 10% 対象 | F34: =SUMIF(AA25:AC30,消費税区分!B3,AM25:AP30) -> 60000 | M34: =ROUNDDOWN(F34*0.1,0) -> 6000 | T34: =SUM(F34:S34) -> 66000
B35: 8%(軽減)対象 | F35: =SUMIF(AA25:AC30,消費税区分!B4,AM25:AP30) -> 0 | M35: =ROUNDDOWN(F35*0.08,0) -> 0 | T35: =SUM(F35:S35) -> 0
B36: 非課税 対象 | F36: =SUMIF(AA25:AC30,消費税区分!B5,AM25:AP30) -> 0 | M36: － | T36: =SUM(F36) -> 0
B37: 不課税 対象 | F37: =SUMIF(AA25:AC30,消費税区分!B6,AM25:AP30) -> 0 | M37: － | T37: =SUM(F37) -> 0
B38: 合 計 | F38: =SUM(F34:L37) -> 60000 | M38: =SUM(M34:S35) -> 6000 | T38: =SUM(T34:X37) -> 66000
B40: 信和建設使用欄
B43: 信和建設株式会社_指定請求書_材料その他用_Ver1.01_20230825

Sheet 【手書き】請求書_材料その他用（提出用）
B1: 請 求 書
B2: 信和建設株式会社 | S2: 御中 | V2: （ 材 料 そ の 他 用 ） | AE2: 登録番号
B4: 下記の通り請求いたします
Y5: 取引先№ | AM5: 会社印
B7: 請求日(締切日)
Y8: 住所
B10: 単価契約№
AB11: =IF(入力フォーム!C10="","",入力フォーム!C10)
B13: 工事№(請求番号) | J13: - | O13: 工事担当者
Y14: 会社名
B16: 工事名称(件名)
Y20: ＴＥＬ
B21: 請求金額 | Y21: ＦＡＸ
Y22: 担当者名
B24: 日 付 | E24: 摘 要 | AA24: 税区分 | AD24: 数 量 | AG24: 単位 | AI24: 単 価 | AM24: 金額(税抜)
B31: 合 計
B33: 税区分別内訳 | F33: 税抜金額 | M33: 消費税額 | T33: 税込金額 | Z33: 備 考
B34: 10% 対象
B35: 8%(軽減)対象
B36: 非課税 対象 | M36: －
B37: 不課税 対象 | M37: －
B38: 合 計
B40: 信和建設使用欄
B43: 信和建設株式会社_指定請求書_材料その他用_Ver1.01_20230825

Sheet 工種一覧
E1: 明細1 | F1: 明細2 | G1: 明細3 | H1: 明細4 | I1: 明細5 | J1: 明細6 | L1: 明細1 | N1: 明細2 | P1: 明細3 | R1: 明細4 | T1: 明細5 | V1: 明細6
B2: 検索 | D2: 工種名 | E2: COUNTIF関数 | F2: COUNTIF関数 | G2: COUNTIF関数 | H2: COUNTIF関数 | I2: COUNTIF関数 | J2: COUNTIF関数 | L2: 抽出 | N2: 抽出 | P2: 抽出 | R2: 抽出 | T2: 抽出 | V2: 抽出
A3: 明細1 | B3: =IF(入力フォーム!B20="","",入力フォーム!B20) -> 45153 | D3: 131313 準備/式祭典費･安全祈願 | E3: =COUNTIF($D$3:D3,"*"&$B$3&"*") -> 0 | F3: =COUNTIF($D$3:D3,"*"&$B$4&"*") -> 0 | G3: =COUNTIF($D$3:D3,"*"&$B$5&"*") -> 0 | H3: =COUNTIF($D$3:D3,"*"&$B$6&"*") -> 1 | I3: =COUNTIF($D$3:D3,"*"&$B$7&"*") -> 1 | J3: =COUNTIF($D$3:D3,"*"&$B$8&"*") -> 1 | L3: {=IFERROR(INDEX(D:D,MATCH(ROW(1:1),E:E,0),1),"")} | N3: {=IFERROR(INDEX(D:D,MATCH(ROW(1:1),F:F,0),1),"")} | P3: {=IFERROR(INDEX(D:D,MATCH(ROW(1:1),G:G,0),1),"")} | R3: {=IFERROR(INDEX(D:D,MATCH(ROW(1:1),H:H,0),1),"")} -> 131313 準備/式祭典費･安全祈願 | T3: {=IFERROR(INDEX(D:D,MATCH(ROW(1:1),I:I,0),1),"")} -> 131313 準備/式祭典費･安全祈願 | V3: {=IFERROR(INDEX(D:D,MATCH(ROW(1:1),J:J,0),1),"")} -> 131313 準備/式祭典費･安全祈願
A4: 明細2 | B4: =IF(入力フォーム!B21="","",入力フォーム!B21) -> 45169 | D4: 131316 準備/仮設電気引込 | E4: =COUNTIF($D$3:D4,"*"&$B$3&"*") -> 0 | F4: =COUNTIF($D$3:D4,"*"&$B$4&"*") -> 0 | G4: =COUNTIF($D$3:D4,"*"&$B$5&"*") -> 0 | H4: =COUNTIF($D$3:D4,"*"&$B$6&"*") -> 2 | I4: =COUNTIF($D$3:D4,"*"&$B$7&"*") -> 2 | J4: =COUNTIF($D$3:D4,"*"&$B$8&"*") -> 2 | L4: {=IFERROR(INDEX(D:D,MATCH(ROW(2:2),E:E,0),1),"")} | N4: {=IFERROR(INDEX(D:D,MATCH(ROW(2:2),F:F,0),1),"")} | P4: {=IFERROR(INDEX(D:D,MATCH(ROW(2:2),G:G,0),1),"")} | R4: {=IFERROR(INDEX(D:D,MATCH(ROW(2:2),H:H,0),1),"")} -> 131316 準備/仮設電気引込 | T4: {=IFERROR(INDEX(D:D,MATCH(ROW(2:2),I:I,0),1),"")} -> 131316 準備/仮設電気引込 | V4: {=IFERROR(INDEX(D:D,MATCH(ROW(2:2),J:J,0),1),"")} -> 131316 準備/仮設電気引込
A5: 明細3 | B5: =IF(入力フォーム!B22="","",入力フォーム!B22) -> 45174 | D5: 131319 準備/仮設水道引込 | E5: =COUNTIF($D$3:D5,"*"&$B$3&"*") -> 0 | F5: =COUNTIF($D$3:D5,"*"&$B$4&"*") -> 0 | G5: =COUNTIF($D$3:D5,"*"&$B$5&"*") -> 0 | H5: =COUNTIF($D$3:D5,"*"&$B$6&"*") -> 3 | I5: =COUNTIF($D$3:D5,"*"&$B$7&"*") -> 3 | J5: =COUNTIF($D$3:D5,"*"&$B$8&"*") -> 3 | L5: {=IFERROR(INDEX(D:D,MATCH(ROW(3:3),E:E,0),1),"")} | N5: {=IFERROR(INDEX(D:D,MATCH(ROW(3:3),F:F,0),1),"")} | P5: {=IFERROR(INDEX(D:D,MATCH(ROW(3:3),G:G,0),1),"")} | R5: {=IFERROR(INDEX(D:D,MATCH(ROW(3:3),H:H,0),1),"")} -> 131319 準備/仮設水道引込 | T5: {=IFERROR(INDEX(D:D,MATCH(ROW(3:3),I:I,0),1),"")} -> 131319 準備/仮設水道引込 | V5: {=IFERROR(INDEX(D:D,MATCH(ROW(3:3),J:J,0),1),"")} -> 131319 準備/仮設水道引込
A6: 明細4 | B6: =IF(入力フォーム!B23="","",入力フォーム!B23) | D6: 131322 準備/試掘費用 | E6: =COUNTIF($D$3:D6,"*"&$B$3&"*") -> 0 | F6: =COUNTIF($D$3:D6,"*"&$B$4&"*") -> 0 | G6: =COUNTIF($D$3:D6,"*"&$B$5&"*") -> 0 | H6: =COUNTIF($D$3:D6,"*"&$B$6&"*") -> 4 | I6: =COUNTIF($D$3:D6,"*"&$B$7&"*") -> 4 | J6: =COUNTIF($D$3:D6,"*"&$B$8&"*") -> 4 | L6: {=IFERROR(INDEX(D:D,MATCH(ROW(4:4),E:E,0),1),"")} | N6: {=IFERROR(INDEX(D:D,MATCH(ROW(4:4),F:F,0),1),"")} | P6: {=IFERROR(INDEX(D:D,MATCH(ROW(4:4),G:G,0),1),"")} | R6: {=IFERROR(INDEX(D:D,MATCH(ROW(4:4),H:H,0),1),"")} -> 131322 準備/試掘費用 | T6: {=IFERROR(INDEX(D:D,MATCH(ROW(4:4),I:I,0),1),"")} -> 131322 準備/試掘費用 | V6: {=IFERROR(INDEX(D:D,MATCH(ROW(4:4),J:J,0),1),"")} -> 131322 準備/試掘費用
A7: 明細5 | B7: =IF(入力フォーム!B24="","",入力フォーム!B24) | D7: 131325 準備/整地費 | E7: =COUNTIF($D$3:D7,"*"&$B$3&"*") -> 0 | F7: =COUNTIF($D$3:D7,"*"&$B$4&"*") -> 0 | G7: =COUNTIF($D$3:D7,"*"&$B$5&"*") -> 0 | H7: =COUNTIF($D$3:D7,"*"&$B$6&"*") -> 5 | I7: =COUNTIF($D$3:D7,"*"&$B$7&"*") -> 5 | J7: =COUNTIF($D$3:D7,"*"&$B$8&"*") -> 5 | L7: {=IFERROR(INDEX(D:D,MATCH(ROW(5:5),E:E,0),1),"")} | N7: {=IFERROR(INDEX(D:D,MATCH(ROW(5:5),F:F,0),1),"")} | P7: {=IFERROR(INDEX(D:D,MATCH(ROW(5:5),G:G,0),1),"")} | R7: {=IFERROR(INDEX(D:D,MATCH(ROW(5:5),H:H,0),1),"")} -> 131325 準備/整地費 | T7: {=IFERROR(INDEX(D:D,MATCH(ROW(5:5),I:I,0),1),"")} -> 131325 準備/整地費 | V7: {=IFERROR(INDEX(D:D,MATCH(ROW(5:5),J:J,0),1),"")} -> 131325 準備/整地費
A8: 明細6 | B8: =IF(入力フォーム!B25="","",入力フォーム!B25) | D8: 131328 準備/家屋調査(事前) | E8: =COUNTIF($D$3:D8,"*"&$B$3&"*") -> 0 | F8: =COUNTIF($D$3:D8,"*"&$B$4&"*") -> 0 | G8: =COUNTIF($D$3:D8,"*"&$B$5&"*") -> 0 | H8: =COUNTIF($D$3:D8,"*"&$B$6&"*") -> 6 | I8: =COUNTIF($D$3:D8,"*"&$B$7&"*") -> 6 | J8: =COUNTIF($D$3:D8,"*"&$B$8&"*") -> 6 | L8: {=IFERROR(INDEX(D:D,MATCH(ROW(6:6),E:E,0),1),"")} | N8: {=IFERROR(INDEX(D:D,MATCH(ROW(6:6),F:F,0),1),"")} | P8: {=IFERROR(INDEX(D:D,MATCH(ROW(6:6),G:G,0),1),"")} | R8: {=IFERROR(INDEX(D:D,MATCH(ROW(6:6),H:H,0),1),"")} -> 131328 準備/家屋調査(事前) | T8: {=IFERROR(INDEX(D:D,MATCH(ROW(6:6),I:I,0),1),"")} -> 131328 準備/家屋調査(事前) | V8: {=IFERROR(INDEX(D:D,MATCH(ROW(6:6),J:J,0),1),"")} -> 131328 準備/家屋調査(事前)
D9: 131331 準備/家屋調査(事後) | E9: =COUNTIF($D$3:D9,"*"&$B$3&"*") -> 0 | F9: =COUNTIF($D$3:D9,"*"&$B$4&"*") -> 0 | G9: =COUNTIF($D$3:D9,"*"&$B$5&"*") -> 0 | H9: =COUNTIF($D$3:D9,"*"&$B$6&"*") -> 7 | I9: =COUNTIF($D$3:D9,"*"&$B$7&"*") -> 7 | J9: =COUNTIF($D$3:D9,"*"&$B$8&"*") -> 7 | L9: {=IFERROR(INDEX(D:D,MATCH(ROW(7:7),E:E,0),1),"")} | N9: {=IFERROR(INDEX(D:D,MATCH(ROW(7:7),F:F,0),1),"")} | P9: {=IFERROR(INDEX(D:D,MATCH(ROW(7:7),G:G,0),1),"")} | R9: {=IFERROR(INDEX(D:D,MATCH(ROW(7:7),H:H,0),1),"")} -> 131331 準備/家屋調査(事後) | T9: {=IFERROR(INDEX(D:D,MATCH(ROW(7:7),I:I,0),1),"")} -> 131331 準備/家屋調査(事後) | V9: {=IFERROR(INDEX(D:D,MATCH(ROW(7:7),J:J,0),1),"")} -> 131331 準備/家屋調査(事後)
D10: 131334 準備/仮設乗り入れ口 | E10: =COUNTIF($D$3:D10,"*"&$B$3&"*") -> 0 | F10: =COUNTIF($D$3:D10,"*"&$B$4&"*") -> 0 | G10: =COUNTIF($D$3:D10,"*"&$B$5&"*") -> 0 | H10: =COUNTIF($D$3:D10,"*"&$B$6&"*") -> 8 | I10: =COUNTIF($D$3:D10,"*"&$B$7&"*") -> 8 | J10: =COUNTIF($D$3:D10,"*"&$B$8&"*") -> 8 | L10: {=IFERROR(INDEX(D:D,MATCH(ROW(8:8),E:E,0),1),"")} | N10: {=IFERROR(INDEX(D:D,MATCH(ROW(8:8),F:F,0),1),"")} | P10: {=IFERROR(INDEX(D:D,MATCH(ROW(8:8),G:G,0),1),"")} | R10: {=IFERROR(INDEX(D:D,MATCH(ROW(8:8),H:H,0),1),"")} -> 131334 準備/仮設乗り入れ口 | T10: {=IFERROR(INDEX(D:D,MATCH(ROW(8:8),I:I,0),1),"")} -> 131334 準備/仮設乗り入れ口 | V10: {=IFERROR(INDEX(D:D,MATCH(ROW(8:8),J:J,0),1),"")} -> 131334 準備/仮設乗り入れ口
D11: 131337 準備/万能板看板ｼｰﾄ | E11: =COUNTIF($D$3:D11,"*"&$B$3&"*") -> 0 | F11: =COUNTIF($D$3:D11,"*"&$B$4&"*") -> 0 | G11: =COUNTIF($D$3:D11,"*"&$B$5&"*") -> 0 | H11: =COUNTIF($D$3:D11,"*"&$B$6&"*") -> 9 | I11: =COUNTIF($D$3:D11,"*"&$B$7&"*") -> 9 | J11: =COUNTIF($D$3:D11,"*"&$B$8&"*") -> 9 | L11: {=IFERROR(INDEX(D:D,MATCH(ROW(9:9),E:E,0),1),"")} | N11: {=IFERROR(INDEX(D:D,MATCH(ROW(9:9),F:F,0),1),"")} | P11: {=IFERROR(INDEX(D:D,MATCH(ROW(9:9),G:G,0),1),"")} | R11: {=IFERROR(INDEX(D:D,MATCH(ROW(9:9),H:H,0),1),"")} -> 131337 準備/万能板看板ｼｰﾄ | T11: {=IFERROR(INDEX(D:D,MATCH(ROW(9:9),I:I,0),1),"")} -> 131337 準備/万能板看板ｼｰﾄ | V11: {=IFERROR(INDEX(D:D,MATCH(ROW(9:9),J:J,0),1),"")} -> 131337 準備/万能板看板ｼｰﾄ
D12: 131340 準備/万能板看板ｼｰﾄ申請費 | E12: =COUNTIF($D$3:D12,"*"&$B$3&"*") -> 0 | F12: =COUNTIF($D$3:D12,"*"&$B$4&"*") -> 0 | G12: =COUNTIF($D$3:D12,"*"&$B$5&"*") -> 0 | H12: =COUNTIF($D$3:D12,"*"&$B$6&"*") -> 10 | I12: =COUNTIF($D$3:D12,"*"&$B$7&"*") -> 10 | J12: =COUNTIF($D$3:D12,"*"&$B$8&"*") -> 10 | L12: {=IFERROR(INDEX(D:D,MATCH(ROW(10:10),E:E,0),1),"")} | N12: {=IFERROR(INDEX(D:D,MATCH(ROW(10:10),F:F,0),1),"")} | P12: {=IFERROR(INDEX(D:D,MATCH(ROW(10:10),G:G,0),1),"")} | R12: {=IFERROR(INDEX(D:D,MATCH(ROW(10:10),H:H,0),1),"")} -> 131340 準備/万能板看板ｼｰﾄ申請費 | T12: {=IFERROR(INDEX(D:D,MATCH(ROW(10:10),I:I,0),1),"")} -> 131340 準備/万能板看板ｼｰﾄ申請費 | V12: {=IFERROR(INDEX(D:D,MATCH(ROW(10:10),J:J,0),1),"")} -> 131340 準備/万能板看板ｼｰﾄ申請費
D13: 131343 準備/地盤改良工事 | E13: =COUNTIF($D$3:D13,"*"&$B$3&"*") -> 0 | F13: =COUNTIF($D$3:D13,"*"&$B$4&"*") -> 0 | G13: =COUNTIF($D$3:D13,"*"&$B$5&"*") -> 0 | H13: =COUNTIF($D$3:D13,"*"&$B$6&"*") -> 11 | I13: =COUNTIF($D$3:D13,"*"&$B$7&"*") -> 11 | J13: =COUNTIF($D$3:D13,"*"&$B$8&"*") -> 11 | L13: {=IFERROR(INDEX(D:D,MATCH(ROW(11:11),E:E,0),1),"")} | N13: {=IFERROR(INDEX(D:D,MATCH(ROW(11:11),F:F,0),1),"")} | P13: {=IFERROR(INDEX(D:D,MATCH(ROW(11:11),G:G,0),1),"")} | R13: {=IFERROR(INDEX(D:D,MATCH(ROW(11:11),H:H,0),1),"")} -> 131343 準備/地盤改良工事 | T13: {=IFERROR(INDEX(D:D,MATCH(ROW(11:11),I:I,0),1),"")} -> 131343 準備/地盤改良工事 | V13: {=IFERROR(INDEX(D:D,MATCH(ROW(11:11),J:J,0),1),"")} -> 131343 準備/地盤改良工事
D14: 131346 準備/境界確認 | E14: =COUNTIF($D$3:D14,"*"&$B$3&"*") -> 0 | F14: =COUNTIF($D$3:D14,"*"&$B$4&"*") -> 0 | G14: =COUNTIF($D$3:D14,"*"&$B$5&"*") -> 0 | H14: =COUNTIF($D$3:D14,"*"&$B$6&"*") -> 12 | I14: =COUNTIF($D$3:D14,"*"&$B$7&"*") -> 12 | J14: =COUNTIF($D$3:D14,"*"&$B$8&"*") -> 12 | L14: {=IFERROR(INDEX(D:D,MATCH(ROW(12:12),E:E,0),1),"")} | N14: {=IFERROR(INDEX(D:D,MATCH(ROW(12:12),F:F,0),1),"")} | P14: {=IFERROR(INDEX(D:D,MATCH(ROW(12:12),G:G,0),1),"")} | R14: {=IFERROR(INDEX(D:D,MATCH(ROW(12:12),H:H,0),1),"")} -> 131346 準備/境界確認 | T14: {=IFERROR(INDEX(D:D,MATCH(ROW(12:12),I:I,0),1),"")} -> 131346 準備/境界確認 | V14: {=IFERROR(INDEX(D:D,MATCH(ROW(12:12),J:J,0),1),"")} -> 131346 準備/境界確認
D15: 131349 準備/土壌調査費 | E15: =COUNTIF($D$3:D15,"*"&$B$3&"*") -> 0 | F15: =COUNTIF($D$3:D15,"*"&$B$4&"*") -> 0 | G15: =COUNTIF($D$3:D15,"*"&$B$5&"*") -> 0 | H15: =COUNTIF($D$3:D15,"*"&$B$6&"*") -> 13 | I15: =COUNTIF($D$3:D15,"*"&$B$7&"*") -> 13 | J15: =COUNTIF($D$3:D15,"*"&$B$8&"*") -> 13 | L15: {=IFERROR(INDEX(D:D,MATCH(ROW(13:13),E:E,0),1),"")} | N15: {=IFERROR(INDEX(D:D,MATCH(ROW(13:13),F:F,0),1),"")} | P15: {=IFERROR(INDEX(D:D,MATCH(ROW(13:13),G:G,0),1),"")} | R15: {=IFERROR(INDEX(D:D,MATCH(ROW(13:13),H:H,0),1),"")} -> 131349 準備/土壌調査費 | T15: {=IFERROR(INDEX(D:D,MATCH(ROW(13:13),I:I,0),1),"")} -> 131349 準備/土壌調査費 | V15: {=IFERROR(INDEX(D:D,MATCH(ROW(13:13),J:J,0),1),"")} -> 131349 準備/土壌調査費
D16: 131352 準備/植樹移植復旧･撤去費 | E16: =COUNTIF($D$3:D16,"*"&$B$3&"*") -> 0 | F16: =COUNTIF($D$3:D16,"*"&$B$4&"*") -> 0 | G16: =COUNTIF($D$3:D16,"*"&$B$5&"*") -> 0 | H16: =COUNTIF($D$3:D16,"*"&$B$6&"*") -> 14 | I16: =COUNTIF($D$3:D16,"*"&$B$7&"*") -> 14 | J16: =COUNTIF($D$3:D16,"*"&$B$8&"*") -> 14 | L16: {=IFERROR(INDEX(D:D,MATCH(ROW(14:14),E:E,0),1),"")} | N16: {=IFERROR(INDEX(D:D,MATCH(ROW(14:14),F:F,0),1),"")} | P16: {=IFERROR(INDEX(D:D,MATCH(ROW(14:14),G:G,0),1),"")} | R16: {=IFERROR(INDEX(D:D,MATCH(ROW(14:14),H:H,0),1),"")} -> 131352 準備/植樹移植復旧･撤去費 | T16: {=IFERROR(INDEX(D:D,MATCH(ROW(14:14),I:I,0),1),"")} -> 131352 準備/植樹移植復旧･撤去費 | V16: {=IFERROR(INDEX(D:D,MATCH(ROW(14:14),J:J,0),1),"")} -> 131352 準備/植樹移植復旧･撤去費
D17: 131355 準備/設計図書製本 | E17: =COUNTIF($D$3:D17,"*"&$B$3&"*") -> 0 | F17: =COUNTIF($D$3:D17,"*"&$B$4&"*") -> 0 | G17: =COUNTIF($D$3:D17,"*"&$B$5&"*") -> 0 | H17: =COUNTIF($D$3:D17,"*"&$B$6&"*") -> 15 | I17: =COUNTIF($D$3:D17,"*"&$B$7&"*") -> 15 | J17: =COUNTIF($D$3:D17,"*"&$B$8&"*") -> 15 | L17: {=IFERROR(INDEX(D:D,MATCH(ROW(15:15),E:E,0),1),"")} | N17: {=IFERROR(INDEX(D:D,MATCH(ROW(15:15),F:F,0),1),"")} | P17: {=IFERROR(INDEX(D:D,MATCH(ROW(15:15),G:G,0),1),"")} | R17: {=IFERROR(INDEX(D:D,MATCH(ROW(15:15),H:H,0),1),"")} -> 131355 準備/設計図書製本 | T17: {=IFERROR(INDEX(D:D,MATCH(ROW(15:15),I:I,0),1),"")} -> 131355 準備/設計図書製本 | V17: {=IFERROR(INDEX(D:D,MATCH(ROW(15:15),J:J,0),1),"")} -> 131355 準備/設計図書製本
D18: 131395 準備/その他 | E18: =COUNTIF($D$3:D18,"*"&$B$3&"*") -> 0 | F18: =COUNTIF($D$3:D18,"*"&$B$4&"*") -> 0 | G18: =COUNTIF($D$3:D18,"*"&$B$5&"*") -> 0 | H18: =COUNTIF($D$3:D18,"*"&$B$6&"*") -> 16 | I18: =COUNTIF($D$3:D18,"*"&$B$7&"*") -> 16 | J18: =COUNTIF($D$3:D18,"*"&$B$8&"*") -> 16 | L18: {=IFERROR(INDEX(D:D,MATCH(ROW(16:16),E:E,0),1),"")} | N18: {=IFERROR(INDEX(D:D,MATCH(ROW(16:16),F:F,0),1),"")} | P18: {=IFERROR(INDEX(D:D,MATCH(ROW(16:16),G:G,0),1),"")} | R18: {=IFERROR(INDEX(D:D,MATCH(ROW(16:16),H:H,0),1),"")} -> 131395 準備/その他 | T18: {=IFERROR(INDEX(D:D,MATCH(ROW(16:16),I:I,0),1),"")} -> 131395 準備/その他 | V18: {=IFERROR(INDEX(D:D,MATCH(ROW(16:16),J:J,0),1),"")} -> 131395 準備/その他
D19: 131613 ﾘｰｽ/現場事務所備品 | E19: =COUNTIF($D$3:D19,"*"&$B$3&"*") -> 0 | F19: =COUNTIF($D$3:D19,"*"&$B$4&"*") -> 0 | G19: =COUNTIF($D$3:D19,"*"&$B$5&"*") -> 0 | H19: =COUNTIF($D$3:D19,"*"&$B$6&"*") -> 17 | I19: =COUNTIF($D$3:D19,"*"&$B$7&"*") -> 17 | J19: =COUNTIF($D$3:D19,"*"&$B$8&"*") -> 17 | L19: {=IFERROR(INDEX(D:D,MATCH(ROW(17:17),E:E,0),1),"")} | N19: {=IFERROR(INDEX(D:D,MATCH(ROW(17:17),F:F,0),1),"")} | P19: {=IFERROR(INDEX(D:D,MATCH(ROW(17:17),G:G,0),1),"")} | R19: {=IFERROR(INDEX(D:D,MATCH(ROW(17:17),H:H,0),1),"")} -> 131613 ﾘｰｽ/現場事務所備品 | T19: {=IFERROR(INDEX(D:D,MATCH(ROW(17:17),I:I,0),1),"")} -> 131613 ﾘｰｽ/現場事務所備品 | V19: {=IFERROR(INDEX(D:D,MATCH(ROW(17:17),J:J,0),1),"")} -> 131613 ﾘｰｽ/現場事務所備品
D20: 131616 ﾘｰｽ/作業員詰所 | E20: =COUNTIF($D$3:D20,"*"&$B$3&"*") -> 0 | F20: =COUNTIF($D$3:D20,"*"&$B$4&"*") -> 0 | G20: =COUNTIF($D$3:D20,"*"&$B$5&"*") -> 0 | H20: =COUNTIF($D$3:D20,"*"&$B$6&"*") -> 18 | I20: =COUNTIF($D$3:D20,"*"&$B$7&"*") -> 18 | J20: =COUNTIF($D$3:D20,"*"&$B$8&"*") -> 18 | L20: {=IFERROR(INDEX(D:D,MATCH(ROW(18:18),E:E,0),1),"")} | N20: {=IFERROR(INDEX(D:D,MATCH(ROW(18:18),F:F,0),1),"")} | P20: {=IFERROR(INDEX(D:D,MATCH(ROW(18:18),G:G,0),1),"")} | R20: {=IFERROR(INDEX(D:D,MATCH(ROW(18:18),H:H,0),1),"")} -> 131616 ﾘｰｽ/作業員詰所 | T20: {=IFERROR(INDEX(D:D,MATCH(ROW(18:18),I:I,0),1),"")} -> 131616 ﾘｰｽ/作業員詰所 | V20: {=IFERROR(INDEX(D:D,MATCH(ROW(18:18),J:J,0),1),"")} -> 131616 ﾘｰｽ/作業員詰所
D21: 131619 ﾘｰｽ/作業員詰所備品 | E21: =COUNTIF($D$3:D21,"*"&$B$3&"*") -> 0 | F21: =COUNTIF($D$3:D21,"*"&$B$4&"*") -> 0 | G21: =COUNTIF($D$3:D21,"*"&$B$5&"*") -> 0 | H21: =COUNTIF($D$3:D21,"*"&$B$6&"*") -> 19 | I21: =COUNTIF($D$3:D21,"*"&$B$7&"*") -> 19 | J21: =COUNTIF($D$3:D21,"*"&$B$8&"*") -> 19 | L21: {=IFERROR(INDEX(D:D,MATCH(ROW(19:19),E:E,0),1),"")} | N21: {=IFERROR(INDEX(D:D,MATCH(ROW(19:19),F:F,0),1),"")} | P21: {=IFERROR(INDEX(D:D,MATCH(ROW(19:19),G:G,0),1),"")} | R21: {=IFERROR(INDEX(D:D,MATCH(ROW(19:19),H:H,0),1),"")} -> 131619 ﾘｰｽ/作業員詰所備品 | T21: {=IFERROR(INDEX(D:D,MATCH(ROW(19:19),I:I,0),1),"")} -> 131619 ﾘｰｽ/作業員詰所備品 | V21: {=IFERROR(INDEX(D:D,MATCH(ROW(19:19),J:J,0),1),"")} -> 131619 ﾘｰｽ/作業員詰所備品
D22: 131622 ﾘｰｽ/仮設ﾄｲﾚ | E22: =COUNTIF($D$3:D22,"*"&$B$3&"*") -> 0 | F22: =COUNTIF($D$3:D22,"*"&$B$4&"*") -> 0 | G22: =COUNTIF($D$3:D22,"*"&$B$5&"*") -> 0 | H22: =COUNTIF($D$3:D22,"*"&$B$6&"*") -> 20 | I22: =COUNTIF($D$3:D22,"*"&$B$7&"*") -> 20 | J22: =COUNTIF($D$3:D22,"*"&$B$8&"*") -> 20 | L22: {=IFERROR(INDEX(D:D,MATCH(ROW(20:20),E:E,0),1),"")} | N22: {=IFERROR(INDEX(D:D,MATCH(ROW(20:20),F:F,0),1),"")} | P22: {=IFERROR(INDEX(D:D,MATCH(ROW(20:20),G:G,0),1),"")} | R22: {=IFERROR(INDEX(D:D,MATCH(ROW(20:20),H:H,0),1),"")} -> 131622 ﾘｰｽ/仮設ﾄｲﾚ | T22: {=IFERROR(INDEX(D:D,MATCH(ROW(20:20),I:I,0),1),"")} -> 131622 ﾘｰｽ/仮設ﾄｲﾚ | V22: {=IFERROR(INDEX(D:D,MATCH(ROW(20:20),J:J,0),1),"")} -> 131622 ﾘｰｽ/仮設ﾄｲﾚ
D23: 131625 ﾘｰｽ/敷鉄板 | E23: =COUNTIF($D$3:D23,"*"&$B$3&"*") -> 0 | F23: =COUNTIF($D$3:D23,"*"&$B$4&"*") -> 0 | G23: =COUNTIF($D$3:D23,"*"&$B$5&"*") -> 0 | H23: =COUNTIF($D$3:D23,"*"&$B$6&"*") -> 21 | I23: =COUNTIF($D$3:D23,"*"&$B$7&"*") -> 21 | J23: =COUNTIF($D$3:D23,"*"&$B$8&"*") -> 21 | L23: {=IFERROR(INDEX(D:D,MATCH(ROW(21:21),E:E,0),1),"")} | N23: {=IFERROR(INDEX(D:D,MATCH(ROW(21:21),F:F,0),1),"")} | P23: {=IFERROR(INDEX(D:D,MATCH(ROW(21:21),G:G,0),1),"")} | R23: {=IFERROR(INDEX(D:D,MATCH(ROW(21:21),H:H,0),1),"")} -> 131625 ﾘｰｽ/敷鉄板 | T23: {=IFERROR(INDEX(D:D,MATCH(ROW(21:21),I:I,0),1),"")} -> 131625 ﾘｰｽ/敷鉄板 | V23: {=IFERROR(INDEX(D:D,MATCH(ROW(21:21),J:J,0),1),"")} -> 131625 ﾘｰｽ/敷鉄板
D24: 131628 ﾘｰｽ/ﾀﾜｰｸﾚｰﾝ | E24: =COUNTIF($D$3:D24,"*"&$B$3&"*") -> 0 | F24: =COUNTIF($D$3:D24,"*"&$B$4&"*") -> 0 | G24: =COUNTIF($D$3:D24,"*"&$B$5&"*") -> 0 | H24: =COUNTIF($D$3:D24,"*"&$B$6&"*") -> 22 | I24: =COUNTIF($D$3:D24,"*"&$B$7&"*") -> 22 | J24: =COUNTIF($D$3:D24,"*"&$B$8&"*") -> 22 | L24: {=IFERROR(INDEX(D:D,MATCH(ROW(22:22),E:E,0),1),"")} | N24: {=IFERROR(INDEX(D:D,MATCH(ROW(22:22),F:F,0),1),"")} | P24: {=IFERROR(INDEX(D:D,MATCH(ROW(22:22),G:G,0),1),"")} | R24: {=IFERROR(INDEX(D:D,MATCH(ROW(22:22),H:H,0),1),"")} -> 131628 ﾘｰｽ/ﾀﾜｰｸﾚｰﾝ | T24: {=IFERROR(INDEX(D:D,MATCH(ROW(22:22),I:I,0),1),"")} -> 131628 ﾘｰｽ/ﾀﾜｰｸﾚｰﾝ | V24: {=IFERROR(INDEX(D:D,MATCH(ROW(22:22),J:J,0),1),"")} -> 131628 ﾘｰｽ/ﾀﾜｰｸﾚｰﾝ
D25: 131631 ﾘｰｽ/ﾀﾜｰｸﾚｰﾝ基礎 | E25: =COUNTIF($D$3:D25,"*"&$B$3&"*") -> 0 | F25: =COUNTIF($D$3:D25,"*"&$B$4&"*") -> 0 | G25: =COUNTIF($D$3:D25,"*"&$B$5&"*") -> 0 | H25: =COUNTIF($D$3:D25,"*"&$B$6&"*") -> 23 | I25: =COUNTIF($D$3:D25,"*"&$B$7&"*") -> 23 | J25: =COUNTIF($D$3:D25,"*"&$B$8&"*") -> 23 | L25: {=IFERROR(INDEX(D:D,MATCH(ROW(23:23),E:E,0),1),"")} | N25: {=IFERROR(INDEX(D:D,MATCH(ROW(23:23),F:F,0),1),"")} | P25: {=IFERROR(INDEX(D:D,MATCH(ROW(23:23),G:G,0),1),"")} | R25: {=IFERROR(INDEX(D:D,MATCH(ROW(23:23),H:H,0),1),"")} -> 131631 ﾘｰｽ/ﾀﾜｰｸﾚｰﾝ基礎 | T25: {=IFERROR(INDEX(D:D,MATCH(ROW(23:23),I:I,0),1),"")} -> 131631 ﾘｰｽ/ﾀﾜｰｸﾚｰﾝ基礎 | V25: {=IFERROR(INDEX(D:D,MATCH(ROW(23:23),J:J,0),1),"")} -> 131631 ﾘｰｽ/ﾀﾜｰｸﾚｰﾝ基礎
D26: 131634 ﾘｰｽ/ﾀﾜｰｸﾚｰﾝ架台ﾘｰｽ基礎 | E26: =COUNTIF($D$3:D26,"*"&$B$3&"*") -> 0 | F26: =COUNTIF($D$3:D26,"*"&$B$4&"*") -> 0 | G26: =COUNTIF($D$3:D26,"*"&$B$5&"*") -> 0 | H26: =COUNTIF($D$3:D26,"*"&$B$6&"*") -> 24 | I26: =COUNTIF($D$3:D26,"*"&$B$7&"*") -> 24 | J26: =COUNTIF($D$3:D26,"*"&$B$8&"*") -> 24 | L26: {=IFERROR(INDEX(D:D,MATCH(ROW(24:24),E:E,0),1),"")} | N26: {=IFERROR(INDEX(D:D,MATCH(ROW(24:24),F:F,0),1),"")} | P26: {=IFERROR(INDEX(D:D,MATCH(ROW(24:24),G:G,0),1),"")} | R26: {=IFERROR(INDEX(D:D,MATCH(ROW(24:24),H:H,0),1),"")} -> 131634 ﾘｰｽ/ﾀﾜｰｸﾚｰﾝ架台ﾘｰｽ基礎 | T26: {=IFERROR(INDEX(D:D,MATCH(ROW(24:24),I:I,0),1),"")} -> 131634 ﾘｰｽ/ﾀﾜｰｸﾚｰﾝ架台ﾘｰｽ基礎 | V26: {=IFERROR(INDEX(D:D,MATCH(ROW(24:24),J:J,0),1),"")} -> 131634 ﾘｰｽ/ﾀﾜｰｸﾚｰﾝ架台ﾘｰｽ基礎
D27: 131637 ﾘｰｽ/ﾀﾜｰｸﾚｰﾝ旋回規制装置 | E27: =COUNTIF($D$3:D27,"*"&$B$3&"*") -> 0 | F27: =COUNTIF($D$3:D27,"*"&$B$4&"*") -> 0 | G27: =COUNTIF($D$3:D27,"*"&$B$5&"*") -> 0 | H27: =COUNTIF($D$3:D27,"*"&$B$6&"*") -> 25 | I27: =COUNTIF($D$3:D27,"*"&$B$7&"*") -> 25 | J27: =COUNTIF($D$3:D27,"*"&$B$8&"*") -> 25 | L27: {=IFERROR(INDEX(D:D,MATCH(ROW(25:25),E:E,0),1),"")} | N27: {=IFERROR(INDEX(D:D,MATCH(ROW(25:25),F:F,0),1),"")} | P27: {=IFERROR(INDEX(D:D,MATCH(ROW(25:25),G:G,0),1),"")} | R27: {=IFERROR(INDEX(D:D,MATCH(ROW(25:25),H:H,0),1),"")} -> 131637 ﾘｰｽ/ﾀﾜｰｸﾚｰﾝ旋回規制装置 | T27: {=IFERROR(INDEX(D:D,MATCH(ROW(25:25),I:I,0),1),"")} -> 131637 ﾘｰｽ/ﾀﾜｰｸﾚｰﾝ旋回規制装置 | V27: {=IFERROR(INDEX(D:D,MATCH(ROW(25:25),J:J,0),1),"")} -> 131637 ﾘｰｽ/ﾀﾜｰｸﾚｰﾝ旋回規制装置
D28: 131640 ﾘｰｽ/ﾀﾜｰｸﾚｰﾝｸﾗｲﾐﾝｸﾞ | E28: =COUNTIF($D$3:D28,"*"&$B$3&"*") -> 0 | F28: =COUNTIF($D$3:D28,"*"&$B$4&"*") -> 0 | G28: =COUNTIF($D$3:D28,"*"&$B$5&"*") -> 0 | H28: =COUNTIF($D$3:D28,"*"&$B$6&"*") -> 26 | I28: =COUNTIF($D$3:D28,"*"&$B$7&"*") -> 26 | J28: =COUNTIF($D$3:D28,"*"&$B$8&"*") -> 26 | L28: {=IFERROR(INDEX(D:D,MATCH(ROW(26:26),E:E,0),1),"")} | N28: {=IFERROR(INDEX(D:D,MATCH(ROW(26:26),F:F,0),1),"")} | P28: {=IFERROR(INDEX(D:D,MATCH(ROW(26:26),G:G,0),1),"")} | R28: {=IFERROR(INDEX(D:D,MATCH(ROW(26:26),H:H,0),1),"")} -> 131640 ﾘｰｽ/ﾀﾜｰｸﾚｰﾝｸﾗｲﾐﾝｸﾞ | T28: {=IFERROR(INDEX(D:D,MATCH(ROW(26:26),I:I,0),1),"")} -> 131640 ﾘｰｽ/ﾀﾜｰｸﾚｰﾝｸﾗｲﾐﾝｸﾞ | V28: {=IFERROR(INDEX(D:D,MATCH(ROW(26:26),J:J,0),1),"")} -> 131640 ﾘｰｽ/ﾀﾜｰｸﾚｰﾝｸﾗｲﾐﾝｸﾞ
D29: 131643 ﾘｰｽ/ﾛﾝｸﾞｽﾊﾟﾝ | E29: =COUNTIF($D$3:D29,"*"&$B$3&"*") -> 0 | F29: =COUNTIF($D$3:D29,"*"&$B$4&"*") -> 0 | G29: =COUNTIF($D$3:D29,"*"&$B$5&"*") -> 0 | H29: =COUNTIF($D$3:D29,"*"&$B$6&"*") -> 27 | I29: =COUNTIF($D$3:D29,"*"&$B$7&"*") -> 27 | J29: =COUNTIF($D$3:D29,"*"&$B$8&"*") -> 27 | L29: {=IFERROR(INDEX(D:D,MATCH(ROW(27:27),E:E,0),1),"")} | N29: {=IFERROR(INDEX(D:D,MATCH(ROW(27:27),F:F,0),1),"")} | P29: {=IFERROR(INDEX(D:D,MATCH(ROW(27:27),G:G,0),1),"")} | R29: {=IFERROR(INDEX(D:D,MATCH(ROW(27:27),H:H,0),1),"")} -> 131643 ﾘｰｽ/ﾛﾝｸﾞｽﾊﾟﾝ | T29: {=IFERROR(INDEX(D:D,MATCH(ROW(27:27),I:I,0),1),"")} -> 131643 ﾘｰｽ/ﾛﾝｸﾞｽﾊﾟﾝ | V29: {=IFERROR(INDEX(D:D,MATCH(ROW(27:27),J:J,0),1),"")} -> 131643 ﾘｰｽ/ﾛﾝｸﾞｽﾊﾟﾝ
D30: 131646 ﾘｰｽ/防犯ｶﾒﾗ | E30: =COUNTIF($D$3:D30,"*"&$B$3&"*") -> 0 | F30: =COUNTIF($D$3:D30,"*"&$B$4&"*") -> 0 | G30: =COUNTIF($D$3:D30,"*"&$B$5&"*") -> 0 | H30: =COUNTIF($D$3:D30,"*"&$B$6&"*") -> 28 | I30: =COUNTIF($D$3:D30,"*"&$B$7&"*") -> 28 | J30: =COUNTIF($D$3:D30,"*"&$B$8&"*") -> 28 | L30: {=IFERROR(INDEX(D:D,MATCH(ROW(28:28),E:E,0),1),"")} | N30: {=IFERROR(INDEX(D:D,MATCH(ROW(28:28),F:F,0),1),"")} | P30: {=IFERROR(INDEX(D:D,MATCH(ROW(28:28),G:G,0),1),"")} | R30: {=IFERROR(INDEX(D:D,MATCH(ROW(28:28),H:H,0),1),"")} -> 131646 ﾘｰｽ/防犯ｶﾒﾗ | T30: {=IFERROR(INDEX(D:D,MATCH(ROW(28:28),I:I,0),1),"")} -> 131646 ﾘｰｽ/防犯ｶﾒﾗ | V30: {=IFERROR(INDEX(D:D,MATCH(ROW(28:28),J:J,0),1),"")} -> 131646 ﾘｰｽ/防犯ｶﾒﾗ
D31: 131649 ﾘｰｽ/測量機器 | E31: =COUNTIF($D$3:D31,"*"&$B$3&"*") -> 0 | F31: =COUNTIF($D$3:D31,"*"&$B$4&"*") -> 0 | G31: =COUNTIF($D$3:D31,"*"&$B$5&"*") -> 0 | H31: =COUNTIF($D$3:D31,"*"&$B$6&"*") -> 29 | I31: =COUNTIF($D$3:D31,"*"&$B$7&"*") -> 29 | J31: =COUNTIF($D$3:D31,"*"&$B$8&"*") -> 29 | L31: {=IFERROR(INDEX(D:D,MATCH(ROW(29:29),E:E,0),1),"")} | N31: {=IFERROR(INDEX(D:D,MATCH(ROW(29:29),F:F,0),1),"")} | P31: {=IFERROR(INDEX(D:D,MATCH(ROW(29:29),G:G,0),1),"")} | R31: {=IFERROR(INDEX(D:D,MATCH(ROW(29:29),H:H,0),1),"")} -> 131649 ﾘｰｽ/測量機器 | T31: {=IFERROR(INDEX(D:D,MATCH(ROW(29:29),I:I,0),1),"")} -> 131649 ﾘｰｽ/測量機器 | V31: {=IFERROR(INDEX(D:D,MATCH(ROW(29:29),J:J,0),1),"")} -> 131649 ﾘｰｽ/測量機器
D32: 131652 ﾘｰｽ/ﾉｯﾁﾀﾝｸ | E32: =COUNTIF($D$3:D32,"*"&$B$3&"*") -> 0 | F32: =COUNTIF($D$3:D32,"*"&$B$4&"*") -> 0 | G32: =COUNTIF($D$3:D32,"*"&$B$5&"*") -> 0 | H32: =COUNTIF($D$3:D32,"*"&$B$6&"*") -> 30 | I32: =COUNTIF($D$3:D32,"*"&$B$7&"*") -> 30 | J32: =COUNTIF($D$3:D32,"*"&$B$8&"*") -> 30 | L32: {=IFERROR(INDEX(D:D,MATCH(ROW(30:30),E:E,0),1),"")} | N32: {=IFERROR(INDEX(D:D,MATCH(ROW(30:30),F:F,0),1),"")} | P32: {=IFERROR(INDEX(D:D,MATCH(ROW(30:30),G:G,0),1),"")} | R32: {=IFERROR(INDEX(D:D,MATCH(ROW(30:30),H:H,0),1),"")} -> 131652 ﾘｰｽ/ﾉｯﾁﾀﾝｸ | T32: {=IFERROR(INDEX(D:D,MATCH(ROW(30:30),I:I,0),1),"")} -> 131652 ﾘｰｽ/ﾉｯﾁﾀﾝｸ | V32: {=IFERROR(INDEX(D:D,MATCH(ROW(30:30),J:J,0),1),"")} -> 131652 ﾘｰｽ/ﾉｯﾁﾀﾝｸ
D33: 131655 ﾘｰｽ/高圧洗浄機 | E33: =COUNTIF($D$3:D33,"*"&$B$3&"*") -> 0 | F33: =COUNTIF($D$3:D33,"*"&$B$4&"*") -> 0 | G33: =COUNTIF($D$3:D33,"*"&$B$5&"*") -> 0 | H33: =COUNTIF($D$3:D33,"*"&$B$6&"*") -> 31 | I33: =COUNTIF($D$3:D33,"*"&$B$7&"*") -> 31 | J33: =COUNTIF($D$3:D33,"*"&$B$8&"*") -> 31 | L33: {=IFERROR(INDEX(D:D,MATCH(ROW(31:31),E:E,0),1),"")} | N33: {=IFERROR(INDEX(D:D,MATCH(ROW(31:31),F:F,0),1),"")} | P33: {=IFERROR(INDEX(D:D,MATCH(ROW(31:31),G:G,0),1),"")} | R33: {=IFERROR(INDEX(D:D,MATCH(ROW(31:31),H:H,0),1),"")} -> 131655 ﾘｰｽ/高圧洗浄機 | T33: {=IFERROR(INDEX(D:D,MATCH(ROW(31:31),I:I,0),1),"")} -> 131655 ﾘｰｽ/高圧洗浄機 | V33: {=IFERROR(INDEX(D:D,MATCH(ROW(31:31),J:J,0),1),"")} -> 131655 ﾘｰｽ/高圧洗浄機
D34: 131658 ﾘｰｽ/水中ﾎﾟﾝﾌﾟ | E34: =COUNTIF($D$3:D34,"*"&$B$3&"*") -> 0 | F34: =COUNTIF($D$3:D34,"*"&$B$4&"*") -> 0 | G34: =COUNTIF($D$3:D34,"*"&$B$5&"*") -> 0 | H34: =COUNTIF($D$3:D34,"*"&$B$6&"*") -> 32 | I34: =COUNTIF($D$3:D34,"*"&$B$7&"*") -> 32 | J34: =COUNTIF($D$3:D34,"*"&$B$8&"*") -> 32 | L34: {=IFERROR(INDEX(D:D,MATCH(ROW(32:32),E:E,0),1),"")} | N34: {=IFERROR(INDEX(D:D,MATCH(ROW(32:32),F:F,0),1),"")} | P34: {=IFERROR(INDEX(D:D,MATCH(ROW(32:32),G:G,0),1),"")} | R34: {=IFERROR(INDEX(D:D,MATCH(ROW(32:32),H:H,0),1),"")} -> 131658 ﾘｰｽ/水中ﾎﾟﾝﾌﾟ | T34: {=IFERROR(INDEX(D:D,MATCH(ROW(32:32),I:I,0),1),"")} -> 131658 ﾘｰｽ/水中ﾎﾟﾝﾌﾟ | V34: {=IFERROR(INDEX(D:D,MATCH(ROW(32:32),J:J,0),1),"")} -> 131658 ﾘｰｽ/水中ﾎﾟﾝﾌﾟ
D35: 131661 ﾘｰｽ/騒音振動計 | E35: =COUNTIF($D$3:D35,"*"&$B$3&"*") -> 0 | F35: =COUNTIF($D$3:D35,"*"&$B$4&"*") -> 0 | G35: =COUNTIF($D$3:D35,"*"&$B$5&"*") -> 0 | H35: =COUNTIF($D$3:D35,"*"&$B$6&"*") -> 33 | I35: =COUNTIF($D$3:D35,"*"&$B$7&"*") -> 33 | J35: =COUNTIF($D$3:D35,"*"&$B$8&"*") -> 33 | L35: {=IFERROR(INDEX(D:D,MATCH(ROW(33:33),E:E,0),1),"")} | N35: {=IFERROR(INDEX(D:D,MATCH(ROW(33:33),F:F,0),1),"")} | P35: {=IFERROR(INDEX(D:D,MATCH(ROW(33:33),G:G,0),1),"")} | R35: {=IFERROR(INDEX(D:D,MATCH(ROW(33:33),H:H,0),1),"")} -> 131661 ﾘｰｽ/騒音振動計 | T35: {=IFERROR(INDEX(D:D,MATCH(ROW(33:33),I:I,0),1),"")} -> 131661 ﾘｰｽ/騒音振動計 | V35: {=IFERROR(INDEX(D:D,MATCH(ROW(33:33),J:J,0),1),"")} -> 131661 ﾘｰｽ/騒音振動計
D36: 131664 ﾘｰｽ/内部足場 | E36: =COUNTIF($D$3:D36,"*"&$B$3&"*") -> 0 | F36: =COUNTIF($D$3:D36,"*"&$B$4&"*") -> 0 | G36: =COUNTIF($D$3:D36,"*"&$B$5&"*") -> 0 | H36: =COUNTIF($D$3:D36,"*"&$B$6&"*") -> 34 | I36: =COUNTIF($D$3:D36,"*"&$B$7&"*") -> 34 | J36: =COUNTIF($D$3:D36,"*"&$B$8&"*") -> 34 | L36: {=IFERROR(INDEX(D:D,MATCH(ROW(34:34),E:E,0),1),"")} | N36: {=IFERROR(INDEX(D:D,MATCH(ROW(34:34),F:F,0),1),"")} | P36: {=IFERROR(INDEX(D:D,MATCH(ROW(34:34),G:G,0),1),"")} | R36: {=IFERROR(INDEX(D:D,MATCH(ROW(34:34),H:H,0),1),"")} -> 131664 ﾘｰｽ/内部足場 | T36: {=IFERROR(INDEX(D:D,MATCH(ROW(34:34),I:I,0),1),"")} -> 131664 ﾘｰｽ/内部足場 | V36: {=IFERROR(INDEX(D:D,MATCH(ROW(34:34),J:J,0),1),"")} -> 131664 ﾘｰｽ/内部足場
D37: 131667 ﾘｰｽ/躯体工事用脚立足場 | E37: =COUNTIF($D$3:D37,"*"&$B$3&"*") -> 0 | F37: =COUNTIF($D$3:D37,"*"&$B$4&"*") -> 0 | G37: =COUNTIF($D$3:D37,"*"&$B$5&"*") -> 0 | H37: =COUNTIF($D$3:D37,"*"&$B$6&"*") -> 35 | I37: =COUNTIF($D$3:D37,"*"&$B$7&"*") -> 35 | J37: =COUNTIF($D$3:D37,"*"&$B$8&"*") -> 35 | L37: {=IFERROR(INDEX(D:D,MATCH(ROW(35:35),E:E,0),1),"")} | N37: {=IFERROR(INDEX(D:D,MATCH(ROW(35:35),F:F,0),1),"")} | P37: {=IFERROR(INDEX(D:D,MATCH(ROW(35:35),G:G,0),1),"")} | R37: {=IFERROR(INDEX(D:D,MATCH(ROW(35:35),H:H,0),1),"")} -> 131667 ﾘｰｽ/躯体工事用脚立足場 | T37: {=IFERROR(INDEX(D:D,MATCH(ROW(35:35),I:I,0),1),"")} -> 131667 ﾘｰｽ/躯体工事用脚立足場 | V37: {=IFERROR(INDEX(D:D,MATCH(ROW(35:35),J:J,0),1),"")} -> 131667 ﾘｰｽ/躯体工事用脚立足場
D38: 131670 ﾘｰｽ/外装工事用脚立足場 | E38: =COUNTIF($D$3:D38,"*"&$B$3&"*") -> 0 | F38: =COUNTIF($D$3:D38,"*"&$B$4&"*") -> 0 | G38: =COUNTIF($D$3:D38,"*"&$B$5&"*") -> 0 | H38: =COUNTIF($D$3:D38,"*"&$B$6&"*") -> 36 | I38: =COUNTIF($D$3:D38,"*"&$B$7&"*") -> 36 | J38: =COUNTIF($D$3:D38,"*"&$B$8&"*") -> 36 | L38: {=IFERROR(INDEX(D:D,MATCH(ROW(36:36),E:E,0),1),"")} | N38: {=IFERROR(INDEX(D:D,MATCH(ROW(36:36),F:F,0),1),"")} | P38: {=IFERROR(INDEX(D:D,MATCH(ROW(36:36),G:G,0),1),"")} | R38: {=IFERROR(INDEX(D:D,MATCH(ROW(36:36),H:H,0),1),"")} -> 131670 ﾘｰｽ/外装工事用脚立足場 | T38: {=IFERROR(INDEX(D:D,MATCH(ROW(36:36),I:I,0),1),"")} -> 131670 ﾘｰｽ/外装工事用脚立足場 | V38: {=IFERROR(INDEX(D:D,MATCH(ROW(36:36),J:J,0),1),"")} -> 131670 ﾘｰｽ/外装工事用脚立足場
D39: 131673 ﾘｰｽ/内装工事用脚立足場 | E39: =COUNTIF($D$3:D39,"*"&$B$3&"*") -> 0 | F39: =COUNTIF($D$3:D39,"*"&$B$4&"*") -> 0 | G39: =COUNTIF($D$3:D39,"*"&$B$5&"*") -> 0 | H39: =COUNTIF($D$3:D39,"*"&$B$6&"*") -> 37 | I39: =COUNTIF($D$3:D39,"*"&$B$7&"*") -> 37 | J39: =COUNTIF($D$3:D39,"*"&$B$8&"*") -> 37 | L39: {=IFERROR(INDEX(D:D,MATCH(ROW(37:37),E:E,0),1),"")} | N39: {=IFERROR(INDEX(D:D,MATCH(ROW(37:37),F:F,0),1),"")} | P39: {=IFERROR(INDEX(D:D,MATCH(ROW(37:37),G:G,0),1),"")} | R39: {=IFERROR(INDEX(D:D,MATCH(ROW(37:37),H:H,0),1),"")} -> 131673 ﾘｰｽ/内装工事用脚立足場 | T39: {=IFERROR(INDEX(D:D,MATCH(ROW(37:37),I:I,0),1),"")} -> 131673 ﾘｰｽ/内装工事用脚立足場 | V39: {=IFERROR(INDEX(D:D,MATCH(ROW(37:37),J:J,0),1),"")} -> 131673 ﾘｰｽ/内装工事用脚立足場
D40: 131676 ﾘｰｽ/足場安全施設(親綱他) | E40: =COUNTIF($D$3:D40,"*"&$B$3&"*") -> 0 | F40: =COUNTIF($D$3:D40,"*"&$B$4&"*") -> 0 | G40: =COUNTIF($D$3:D40,"*"&$B$5&"*") -> 0 | H40: =COUNTIF($D$3:D40,"*"&$B$6&"*") -> 38 | I40: =COUNTIF($D$3:D40,"*"&$B$7&"*") -> 38 | J40: =COUNTIF($D$3:D40,"*"&$B$8&"*") -> 38 | L40: {=IFERROR(INDEX(D:D,MATCH(ROW(38:38),E:E,0),1),"")} | N40: {=IFERROR(INDEX(D:D,MATCH(ROW(38:38),F:F,0),1),"")} | P40: {=IFERROR(INDEX(D:D,MATCH(ROW(38:38),G:G,0),1),"")} | R40: {=IFERROR(INDEX(D:D,MATCH(ROW(38:38),H:H,0),1),"")} -> 131676 ﾘｰｽ/足場安全施設(親綱他) | T40: {=IFERROR(INDEX(D:D,MATCH(ROW(38:38),I:I,0),1),"")} -> 131676 ﾘｰｽ/足場安全施設(親綱他) | V40: {=IFERROR(INDEX(D:D,MATCH(ROW(38:38),J:J,0),1),"")} -> 131676 ﾘｰｽ/足場安全施設(親綱他)
D41: 131679 ﾘｰｽ/工具 | E41: =COUNTIF($D$3:D41,"*"&$B$3&"*") -> 0 | F41: =COUNTIF($D$3:D41,"*"&$B$4&"*") -> 0 | G41: =COUNTIF($D$3:D41,"*"&$B$5&"*") -> 0 | H41: =COUNTIF($D$3:D41,"*"&$B$6&"*") -> 39 | I41: =COUNTIF($D$3:D41,"*"&$B$7&"*") -> 39 | J41: =COUNTIF($D$3:D41,"*"&$B$8&"*") -> 39 | L41: {=IFERROR(INDEX(D:D,MATCH(ROW(39:39),E:E,0),1),"")} | N41: {=IFERROR(INDEX(D:D,MATCH(ROW(39:39),F:F,0),1),"")} | P41: {=IFERROR(INDEX(D:D,MATCH(ROW(39:39),G:G,0),1),"")} | R41: {=IFERROR(INDEX(D:D,MATCH(ROW(39:39),H:H,0),1),"")} -> 131679 ﾘｰｽ/工具 | T41: {=IFERROR(INDEX(D:D,MATCH(ROW(39:39),I:I,0),1),"")} -> 131679 ﾘｰｽ/工具 | V41: {=IFERROR(INDEX(D:D,MATCH(ROW(39:39),J:J,0),1),"")} -> 131679 ﾘｰｽ/工具
D42: 131682 ﾘｰｽ/工事用看板安全標識 | E42: =COUNTIF($D$3:D42,"*"&$B$3&"*") -> 0 | F42: =COUNTIF($D$3:D42,"*"&$B$4&"*") -> 0 | G42: =COUNTIF($D$3:D42,"*"&$B$5&"*") -> 0 | H42: =COUNTIF($D$3:D42,"*"&$B$6&"*") -> 40 | I42: =COUNTIF($D$3:D42,"*"&$B$7&"*") -> 40 | J42: =COUNTIF($D$3:D42,"*"&$B$8&"*") -> 40 | L42: {=IFERROR(INDEX(D:D,MATCH(ROW(40:40),E:E,0),1),"")} | N42: {=IFERROR(INDEX(D:D,MATCH(ROW(40:40),F:F,0),1),"")} | P42: {=IFERROR(INDEX(D:D,MATCH(ROW(40:40),G:G,0),1),"")} | R42: {=IFERROR(INDEX(D:D,MATCH(ROW(40:40),H:H,0),1),"")} -> 131682 ﾘｰｽ/工事用看板安全標識 | T42: {=IFERROR(INDEX(D:D,MATCH(ROW(40:40),I:I,0),1),"")} -> 131682 ﾘｰｽ/工事用看板安全標識 | V42: {=IFERROR(INDEX(D:D,MATCH(ROW(40:40),J:J,0),1),"")} -> 131682 ﾘｰｽ/工事用看板安全標識
D43: 131685 ﾘｰｽ/ｼｰｽﾞﾝ物 | E43: =COUNTIF($D$3:D43,"*"&$B$3&"*") -> 0 | F43: =COUNTIF($D$3:D43,"*"&$B$4&"*") -> 0 | G43: =COUNTIF($D$3:D43,"*"&$B$5&"*") -> 0 | H43: =COUNTIF($D$3:D43,"*"&$B$6&"*") -> 41 | I43: =COUNTIF($D$3:D43,"*"&$B$7&"*") -> 41 | J43: =COUNTIF($D$3:D43,"*"&$B$8&"*") -> 41 | L43: {=IFERROR(INDEX(D:D,MATCH(ROW(41:41),E:E,0),1),"")} | N43: {=IFERROR(INDEX(D:D,MATCH(ROW(41:41),F:F,0),1),"")} | P43: {=IFERROR(INDEX(D:D,MATCH(ROW(41:41),G:G,0),1),"")} | R43: {=IFERROR(INDEX(D:D,MATCH(ROW(41:41),H:H,0),1),"")} -> 131685 ﾘｰｽ/ｼｰｽﾞﾝ物 | T43: {=IFERROR(INDEX(D:D,MATCH(ROW(41:41),I:I,0),1),"")} -> 131685 ﾘｰｽ/ｼｰｽﾞﾝ物 | V43: {=IFERROR(INDEX(D:D,MATCH(ROW(41:41),J:J,0),1),"")} -> 131685 ﾘｰｽ/ｼｰｽﾞﾝ物
D44: 131688 ﾘｰｽ/ｺﾋﾟｰ機(ｶｳﾝﾄ料･ｲﾝｸ含む) | E44: =COUNTIF($D$3:D44,"*"&$B$3&"*") -> 0 | F44: =COUNTIF($D$3:D44,"*"&$B$4&"*") -> 0 | G44: =COUNTIF($D$3:D44,"*"&$B$5&"*") -> 0 | H44: =COUNTIF($D$3:D44,"*"&$B$6&"*") -> 42 | I44: =COUNTIF($D$3:D44,"*"&$B$7&"*") -> 42 | J44: =COUNTIF($D$3:D44,"*"&$B$8&"*") -> 42 | L44: {=IFERROR(INDEX(D:D,MATCH(ROW(42:42),E:E,0),1),"")} | N44: {=IFERROR(INDEX(D:D,MATCH(ROW(42:42),F:F,0),1),"")} | P44: {=IFERROR(INDEX(D:D,MATCH(ROW(42:42),G:G,0),1),"")} | R44: {=IFERROR(INDEX(D:D,MATCH(ROW(42:42),H:H,0),1),"")} -> 131688 ﾘｰｽ/ｺﾋﾟｰ機(ｶｳﾝﾄ料･ｲﾝｸ含む) | T44: {=IFERROR(INDEX(D:D,MATCH(ROW(42:42),I:I,0),1),"")} -> 131688 ﾘｰｽ/ｺﾋﾟｰ機(ｶｳﾝﾄ料･ｲﾝｸ含む) | V44: {=IFERROR(INDEX(D:D,MATCH(ROW(42:42),J:J,0),1),"")} -> 131688 ﾘｰｽ/ｺﾋﾟｰ機(ｶｳﾝﾄ料･ｲﾝｸ含む)
D45: 131695 ﾘｰｽ/その他 | E45: =COUNTIF($D$3:D45,"*"&$B$3&"*") -> 0 | F45: =COUNTIF($D$3:D45,"*"&$B$4&"*") -> 0 | G45: =COUNTIF($D$3:D45,"*"&$B$5&"*") -> 0 | H45: =COUNTIF($D$3:D45,"*"&$B$6&"*") -> 43 | I45: =COUNTIF($D$3:D45,"*"&$B$7&"*") -> 43 | J45: =COUNTIF($D$3:D45,"*"&$B$8&"*") -> 43 | L45: {=IFERROR(INDEX(D:D,MATCH(ROW(43:43),E:E,0),1),"")} | N45: {=IFERROR(INDEX(D:D,MATCH(ROW(43:43),F:F,0),1),"")} | P45: {=IFERROR(INDEX(D:D,MATCH(ROW(43:43),G:G,0),1),"")} | R45: {=IFERROR(INDEX(D:D,MATCH(ROW(43:43),H:H,0),1),"")} -> 131695 ﾘｰｽ/その他 | T45: {=IFERROR(INDEX(D:D,MATCH(ROW(43:43),I:I,0),1),"")} -> 131695 ﾘｰｽ/その他 | V45: {=IFERROR(INDEX(D:D,MATCH(ROW(43:43),J:J,0),1),"")} -> 131695 ﾘｰｽ/その他
D46: 131913 消耗/雑金物費 | E46: =COUNTIF($D$3:D46,"*"&$B$3&"*") -> 0 | F46: =COUNTIF($D$3:D46,"*"&$B$4&"*") -> 0 | G46: =COUNTIF($D$3:D46,"*"&$B$5&"*") -> 0 | H46: =COUNTIF($D$3:D46,"*"&$B$6&"*") -> 44 | I46: =COUNTIF($D$3:D46,"*"&$B$7&"*") -> 44 | J46: =COUNTIF($D$3:D46,"*"&$B$8&"*") -> 44 | L46: {=IFERROR(INDEX(D:D,MATCH(ROW(44:44),E:E,0),1),"")} | N46: {=IFERROR(INDEX(D:D,MATCH(ROW(44:44),F:F,0),1),"")} | P46: {=IFERROR(INDEX(D:D,MATCH(ROW(44:44),G:G,0),1),"")} | R46: {=IFERROR(INDEX(D:D,MATCH(ROW(44:44),H:H,0),1),"")} -> 131913 消耗/雑金物費 | T46: {=IFERROR(INDEX(D:D,MATCH(ROW(44:44),I:I,0),1),"")} -> 131913 消耗/雑金物費 | V46: {=IFERROR(INDEX(D:D,MATCH(ROW(44:44),J:J,0),1),"")} -> 131913 消耗/雑金物費
D47: 131916 消耗/着工前看板 | E47: =COUNTIF($D$3:D47,"*"&$B$3&"*") -> 0 | F47: =COUNTIF($D$3:D47,"*"&$B$4&"*") -> 0 | G47: =COUNTIF($D$3:D47,"*"&$B$5&"*") -> 0 | H47: =COUNTIF($D$3:D47,"*"&$B$6&"*") -> 45 | I47: =COUNTIF($D$3:D47,"*"&$B$7&"*") -> 45 | J47: =COUNTIF($D$3:D47,"*"&$B$8&"*") -> 45 | L47: {=IFERROR(INDEX(D:D,MATCH(ROW(45:45),E:E,0),1),"")} | N47: {=IFERROR(INDEX(D:D,MATCH(ROW(45:45),F:F,0),1),"")} | P47: {=IFERROR(INDEX(D:D,MATCH(ROW(45:45),G:G,0),1),"")} | R47: {=IFERROR(INDEX(D:D,MATCH(ROW(45:45),H:H,0),1),"")} -> 131916 消耗/着工前看板 | T47: {=IFERROR(INDEX(D:D,MATCH(ROW(45:45),I:I,0),1),"")} -> 131916 消耗/着工前看板 | V47: {=IFERROR(INDEX(D:D,MATCH(ROW(45:45),J:J,0),1),"")} -> 131916 消耗/着工前看板
D48: 131919 消耗/その他(材) | E48: =COUNTIF($D$3:D48,"*"&$B$3&"*") -> 0 | F48: =COUNTIF($D$3:D48,"*"&$B$4&"*") -> 0 | G48: =COUNTIF($D$3:D48,"*"&$B$5&"*") -> 0 | H48: =COUNTIF($D$3:D48,"*"&$B$6&"*") -> 46 | I48: =COUNTIF($D$3:D48,"*"&$B$7&"*") -> 46 | J48: =COUNTIF($D$3:D48,"*"&$B$8&"*") -> 46 | L48: {=IFERROR(INDEX(D:D,MATCH(ROW(46:46),E:E,0),1),"")} | N48: {=IFERROR(INDEX(D:D,MATCH(ROW(46:46),F:F,0),1),"")} | P48: {=IFERROR(INDEX(D:D,MATCH(ROW(46:46),G:G,0),1),"")} | R48: {=IFERROR(INDEX(D:D,MATCH(ROW(46:46),H:H,0),1),"")} -> 131919 消耗/その他(材) | T48: {=IFERROR(INDEX(D:D,MATCH(ROW(46:46),I:I,0),1),"")} -> 131919 消耗/その他(材) | V48: {=IFERROR(INDEX(D:D,MATCH(ROW(46:46),J:J,0),1),"")} -> 131919 消耗/その他(材)
D49: 132213 運搬/ﾚｯｶｰ代 | E49: =COUNTIF($D$3:D49,"*"&$B$3&"*") -> 0 | F49: =COUNTIF($D$3:D49,"*"&$B$4&"*") -> 0 | G49: =COUNTIF($D$3:D49,"*"&$B$5&"*") -> 0 | H49: =COUNTIF($D$3:D49,"*"&$B$6&"*") -> 47 | I49: =COUNTIF($D$3:D49,"*"&$B$7&"*") -> 47 | J49: =COUNTIF($D$3:D49,"*"&$B$8&"*") -> 47 | L49: {=IFERROR(INDEX(D:D,MATCH(ROW(47:47),E:E,0),1),"")} | N49: {=IFERROR(INDEX(D:D,MATCH(ROW(47:47),F:F,0),1),"")} | P49: {=IFERROR(INDEX(D:D,MATCH(ROW(47:47),G:G,0),1),"")} | R49: {=IFERROR(INDEX(D:D,MATCH(ROW(47:47),H:H,0),1),"")} -> 132213 運搬/ﾚｯｶｰ代 | T49: {=IFERROR(INDEX(D:D,MATCH(ROW(47:47),I:I,0),1),"")} -> 132213 運搬/ﾚｯｶｰ代 | V49: {=IFERROR(INDEX(D:D,MATCH(ROW(47:47),J:J,0),1),"")} -> 132213 運搬/ﾚｯｶｰ代
D50: 132216 運搬/現場発生屑廃材処分費 | E50: =COUNTIF($D$3:D50,"*"&$B$3&"*") -> 0 | F50: =COUNTIF($D$3:D50,"*"&$B$4&"*") -> 0 | G50: =COUNTIF($D$3:D50,"*"&$B$5&"*") -> 0 | H50: =COUNTIF($D$3:D50,"*"&$B$6&"*") -> 48 | I50: =COUNTIF($D$3:D50,"*"&$B$7&"*") -> 48 | J50: =COUNTIF($D$3:D50,"*"&$B$8&"*") -> 48 | L50: {=IFERROR(INDEX(D:D,MATCH(ROW(48:48),E:E,0),1),"")} | N50: {=IFERROR(INDEX(D:D,MATCH(ROW(48:48),F:F,0),1),"")} | P50: {=IFERROR(INDEX(D:D,MATCH(ROW(48:48),G:G,0),1),"")} | R50: {=IFERROR(INDEX(D:D,MATCH(ROW(48:48),H:H,0),1),"")} -> 132216 運搬/現場発生屑廃材処分費 | T50: {=IFERROR(INDEX(D:D,MATCH(ROW(48:48),I:I,0),1),"")} -> 132216 運搬/現場発生屑廃材処分費 | V50: {=IFERROR(INDEX(D:D,MATCH(ROW(48:48),J:J,0),1),"")} -> 132216 運搬/現場発生屑廃材処分費
D51: 132219 運搬費 | E51: =COUNTIF($D$3:D51,"*"&$B$3&"*") -> 0 | F51: =COUNTIF($D$3:D51,"*"&$B$4&"*") -> 0 | G51: =COUNTIF($D$3:D51,"*"&$B$5&"*") -> 0 | H51: =COUNTIF($D$3:D51,"*"&$B$6&"*") -> 49 | I51: =COUNTIF($D$3:D51,"*"&$B$7&"*") -> 49 | J51: =COUNTIF($D$3:D51,"*"&$B$8&"*") -> 49 | L51: {=IFERROR(INDEX(D:D,MATCH(ROW(49:49),E:E,0),1),"")} | N51: {=IFERROR(INDEX(D:D,MATCH(ROW(49:49),F:F,0),1),"")} | P51: {=IFERROR(INDEX(D:D,MATCH(ROW(49:49),G:G,0),1),"")} | R51: {=IFERROR(INDEX(D:D,MATCH(ROW(49:49),H:H,0),1),"")} -> 132219 運搬費 | T51: {=IFERROR(INDEX(D:D,MATCH(ROW(49:49),I:I,0),1),"")} -> 132219 運搬費 | V51: {=IFERROR(INDEX(D:D,MATCH(ROW(49:49),J:J,0),1),"")} -> 132219 運搬費
D52: 132295 運搬/その他 | E52: =COUNTIF($D$3:D52,"*"&$B$3&"*") -> 0 | F52: =COUNTIF($D$3:D52,"*"&$B$4&"*") -> 0 | G52: =COUNTIF($D$3:D52,"*"&$B$5&"*") -> 0 | H52: =COUNTIF($D$3:D52,"*"&$B$6&"*") -> 50 | I52: =COUNTIF($D$3:D52,"*"&$B$7&"*") -> 50 | J52: =COUNTIF($D$3:D52,"*"&$B$8&"*") -> 50 | L52: {=IFERROR(INDEX(D:D,MATCH(ROW(50:50),E:E,0),1),"")} | N52: {=IFERROR(INDEX(D:D,MATCH(ROW(50:50),F:F,0),1),"")} | P52: {=IFERROR(INDEX(D:D,MATCH(ROW(50:50),G:G,0),1),"")} | R52: {=IFERROR(INDEX(D:D,MATCH(ROW(50:50),H:H,0),1),"")} -> 132295 運搬/その他 | T52: {=IFERROR(INDEX(D:D,MATCH(ROW(50:50),I:I,0),1),"")} -> 132295 運搬/その他 | V52: {=IFERROR(INDEX(D:D,MATCH(ROW(50:50),J:J,0),1),"")} -> 132295 運搬/その他
D53: 132513 雑労/仮設電気工事費 | E53: =COUNTIF($D$3:D53,"*"&$B$3&"*") -> 0 | F53: =COUNTIF($D$3:D53,"*"&$B$4&"*") -> 0 | G53: =COUNTIF($D$3:D53,"*"&$B$5&"*") -> 0 | H53: =COUNTIF($D$3:D53,"*"&$B$6&"*") -> 51 | I53: =COUNTIF($D$3:D53,"*"&$B$7&"*") -> 51 | J53: =COUNTIF($D$3:D53,"*"&$B$8&"*") -> 51 | L53: {=IFERROR(INDEX(D:D,MATCH(ROW(51:51),E:E,0),1),"")} | N53: {=IFERROR(INDEX(D:D,MATCH(ROW(51:51),F:F,0),1),"")} | P53: {=IFERROR(INDEX(D:D,MATCH(ROW(51:51),G:G,0),1),"")} | R53: {=IFERROR(INDEX(D:D,MATCH(ROW(51:51),H:H,0),1),"")} -> 132513 雑労/仮設電気工事費 | T53: {=IFERROR(INDEX(D:D,MATCH(ROW(51:51),I:I,0),1),"")} -> 132513 雑労/仮設電気工事費 | V53: {=IFERROR(INDEX(D:D,MATCH(ROW(51:51),J:J,0),1),"")} -> 132513 雑労/仮設電気工事費
D54: 132516 雑労/仮設水道工事費 | E54: =COUNTIF($D$3:D54,"*"&$B$3&"*") -> 0 | F54: =COUNTIF($D$3:D54,"*"&$B$4&"*") -> 0 | G54: =COUNTIF($D$3:D54,"*"&$B$5&"*") -> 0 | H54: =COUNTIF($D$3:D54,"*"&$B$6&"*") -> 52 | I54: =COUNTIF($D$3:D54,"*"&$B$7&"*") -> 52 | J54: =COUNTIF($D$3:D54,"*"&$B$8&"*") -> 52 | L54: {=IFERROR(INDEX(D:D,MATCH(ROW(52:52),E:E,0),1),"")} | N54: {=IFERROR(INDEX(D:D,MATCH(ROW(52:52),F:F,0),1),"")} | P54: {=IFERROR(INDEX(D:D,MATCH(ROW(52:52),G:G,0),1),"")} | R54: {=IFERROR(INDEX(D:D,MATCH(ROW(52:52),H:H,0),1),"")} -> 132516 雑労/仮設水道工事費 | T54: {=IFERROR(INDEX(D:D,MATCH(ROW(52:52),I:I,0),1),"")} -> 132516 雑労/仮設水道工事費 | V54: {=IFERROR(INDEX(D:D,MATCH(ROW(52:52),J:J,0),1),"")} -> 132516 雑労/仮設水道工事費
D55: 132519 雑労/墨出し(躯体工事) | E55: =COUNTIF($D$3:D55,"*"&$B$3&"*") -> 0 | F55: =COUNTIF($D$3:D55,"*"&$B$4&"*") -> 0 | G55: =COUNTIF($D$3:D55,"*"&$B$5&"*") -> 0 | H55: =COUNTIF($D$3:D55,"*"&$B$6&"*") -> 53 | I55: =COUNTIF($D$3:D55,"*"&$B$7&"*") -> 53 | J55: =COUNTIF($D$3:D55,"*"&$B$8&"*") -> 53 | L55: {=IFERROR(INDEX(D:D,MATCH(ROW(53:53),E:E,0),1),"")} | N55: {=IFERROR(INDEX(D:D,MATCH(ROW(53:53),F:F,0),1),"")} | P55: {=IFERROR(INDEX(D:D,MATCH(ROW(53:53),G:G,0),1),"")} | R55: {=IFERROR(INDEX(D:D,MATCH(ROW(53:53),H:H,0),1),"")} -> 132519 雑労/墨出し(躯体工事) | T55: {=IFERROR(INDEX(D:D,MATCH(ROW(53:53),I:I,0),1),"")} -> 132519 雑労/墨出し(躯体工事) | V55: {=IFERROR(INDEX(D:D,MATCH(ROW(53:53),J:J,0),1),"")} -> 132519 雑労/墨出し(躯体工事)
D56: 132522 雑労/墨出し(内装) | E56: =COUNTIF($D$3:D56,"*"&$B$3&"*") -> 0 | F56: =COUNTIF($D$3:D56,"*"&$B$4&"*") -> 0 | G56: =COUNTIF($D$3:D56,"*"&$B$5&"*") -> 0 | H56: =COUNTIF($D$3:D56,"*"&$B$6&"*") -> 54 | I56: =COUNTIF($D$3:D56,"*"&$B$7&"*") -> 54 | J56: =COUNTIF($D$3:D56,"*"&$B$8&"*") -> 54 | L56: {=IFERROR(INDEX(D:D,MATCH(ROW(54:54),E:E,0),1),"")} | N56: {=IFERROR(INDEX(D:D,MATCH(ROW(54:54),F:F,0),1),"")} | P56: {=IFERROR(INDEX(D:D,MATCH(ROW(54:54),G:G,0),1),"")} | R56: {=IFERROR(INDEX(D:D,MATCH(ROW(54:54),H:H,0),1),"")} -> 132522 雑労/墨出し(内装) | T56: {=IFERROR(INDEX(D:D,MATCH(ROW(54:54),I:I,0),1),"")} -> 132522 雑労/墨出し(内装) | V56: {=IFERROR(INDEX(D:D,MATCH(ROW(54:54),J:J,0),1),"")} -> 132522 雑労/墨出し(内装)
D57: 132525 雑労/墨出し(外装仕上) | E57: =COUNTIF($D$3:D57,"*"&$B$3&"*") -> 0 | F57: =COUNTIF($D$3:D57,"*"&$B$4&"*") -> 0 | G57: =COUNTIF($D$3:D57,"*"&$B$5&"*") -> 0 | H57: =COUNTIF($D$3:D57,"*"&$B$6&"*") -> 55 | I57: =COUNTIF($D$3:D57,"*"&$B$7&"*") -> 55 | J57: =COUNTIF($D$3:D57,"*"&$B$8&"*") -> 55 | L57: {=IFERROR(INDEX(D:D,MATCH(ROW(55:55),E:E,0),1),"")} | N57: {=IFERROR(INDEX(D:D,MATCH(ROW(55:55),F:F,0),1),"")} | P57: {=IFERROR(INDEX(D:D,MATCH(ROW(55:55),G:G,0),1),"")} | R57: {=IFERROR(INDEX(D:D,MATCH(ROW(55:55),H:H,0),1),"")} -> 132525 雑労/墨出し(外装仕上) | T57: {=IFERROR(INDEX(D:D,MATCH(ROW(55:55),I:I,0),1),"")} -> 132525 雑労/墨出し(外装仕上) | V57: {=IFERROR(INDEX(D:D,MATCH(ROW(55:55),J:J,0),1),"")} -> 132525 雑労/墨出し(外装仕上)
D58: 132528 雑労/墨出し(外構) | E58: =COUNTIF($D$3:D58,"*"&$B$3&"*") -> 0 | F58: =COUNTIF($D$3:D58,"*"&$B$4&"*") -> 0 | G58: =COUNTIF($D$3:D58,"*"&$B$5&"*") -> 0 | H58: =COUNTIF($D$3:D58,"*"&$B$6&"*") -> 56 | I58: =COUNTIF($D$3:D58,"*"&$B$7&"*") -> 56 | J58: =COUNTIF($D$3:D58,"*"&$B$8&"*") -> 56 | L58: {=IFERROR(INDEX(D:D,MATCH(ROW(56:56),E:E,0),1),"")} | N58: {=IFERROR(INDEX(D:D,MATCH(ROW(56:56),F:F,0),1),"")} | P58: {=IFERROR(INDEX(D:D,MATCH(ROW(56:56),G:G,0),1),"")} | R58: {=IFERROR(INDEX(D:D,MATCH(ROW(56:56),H:H,0),1),"")} -> 132528 雑労/墨出し(外構) | T58: {=IFERROR(INDEX(D:D,MATCH(ROW(56:56),I:I,0),1),"")} -> 132528 雑労/墨出し(外構) | V58: {=IFERROR(INDEX(D:D,MATCH(ROW(56:56),J:J,0),1),"")} -> 132528 雑労/墨出し(外構)
D59: 132531 雑労/工事写真 | E59: =COUNTIF($D$3:D59,"*"&$B$3&"*") -> 0 | F59: =COUNTIF($D$3:D59,"*"&$B$4&"*") -> 0 | G59: =COUNTIF($D$3:D59,"*"&$B$5&"*") -> 0 | H59: =COUNTIF($D$3:D59,"*"&$B$6&"*") -> 57 | I59: =COUNTIF($D$3:D59,"*"&$B$7&"*") -> 57 | J59: =COUNTIF($D$3:D59,"*"&$B$8&"*") -> 57 | L59: {=IFERROR(INDEX(D:D,MATCH(ROW(57:57),E:E,0),1),"")} | N59: {=IFERROR(INDEX(D:D,MATCH(ROW(57:57),F:F,0),1),"")} | P59: {=IFERROR(INDEX(D:D,MATCH(ROW(57:57),G:G,0),1),"")} | R59: {=IFERROR(INDEX(D:D,MATCH(ROW(57:57),H:H,0),1),"")} -> 132531 雑労/工事写真 | T59: {=IFERROR(INDEX(D:D,MATCH(ROW(57:57),I:I,0),1),"")} -> 132531 雑労/工事写真 | V59: {=IFERROR(INDEX(D:D,MATCH(ROW(57:57),J:J,0),1),"")} -> 132531 雑労/工事写真
D60: 132534 雑労/竣工写真 | E60: =COUNTIF($D$3:D60,"*"&$B$3&"*") -> 0 | F60: =COUNTIF($D$3:D60,"*"&$B$4&"*") -> 0 | G60: =COUNTIF($D$3:D60,"*"&$B$5&"*") -> 0 | H60: =COUNTIF($D$3:D60,"*"&$B$6&"*") -> 58 | I60: =COUNTIF($D$3:D60,"*"&$B$7&"*") -> 58 | J60: =COUNTIF($D$3:D60,"*"&$B$8&"*") -> 58 | L60: {=IFERROR(INDEX(D:D,MATCH(ROW(58:58),E:E,0),1),"")} | N60: {=IFERROR(INDEX(D:D,MATCH(ROW(58:58),F:F,0),1),"")} | P60: {=IFERROR(INDEX(D:D,MATCH(ROW(58:58),G:G,0),1),"")} | R60: {=IFERROR(INDEX(D:D,MATCH(ROW(58:58),H:H,0),1),"")} -> 132534 雑労/竣工写真 | T60: {=IFERROR(INDEX(D:D,MATCH(ROW(58:58),I:I,0),1),"")} -> 132534 雑労/竣工写真 | V60: {=IFERROR(INDEX(D:D,MATCH(ROW(58:58),J:J,0),1),"")} -> 132534 雑労/竣工写真
D61: 132537 雑労/警備員費(常駐) | E61: =COUNTIF($D$3:D61,"*"&$B$3&"*") -> 0 | F61: =COUNTIF($D$3:D61,"*"&$B$4&"*") -> 0 | G61: =COUNTIF($D$3:D61,"*"&$B$5&"*") -> 0 | H61: =COUNTIF($D$3:D61,"*"&$B$6&"*") -> 59 | I61: =COUNTIF($D$3:D61,"*"&$B$7&"*") -> 59 | J61: =COUNTIF($D$3:D61,"*"&$B$8&"*") -> 59 | L61: {=IFERROR(INDEX(D:D,MATCH(ROW(59:59),E:E,0),1),"")} | N61: {=IFERROR(INDEX(D:D,MATCH(ROW(59:59),F:F,0),1),"")} | P61: {=IFERROR(INDEX(D:D,MATCH(ROW(59:59),G:G,0),1),"")} | R61: {=IFERROR(INDEX(D:D,MATCH(ROW(59:59),H:H,0),1),"")} -> 132537 雑労/警備員費(常駐) | T61: {=IFERROR(INDEX(D:D,MATCH(ROW(59:59),I:I,0),1),"")} -> 132537 雑労/警備員費(常駐) | V61: {=IFERROR(INDEX(D:D,MATCH(ROW(59:59),J:J,0),1),"")} -> 132537 雑労/警備員費(常駐)
D62: 132540 雑労/警備員費(重点警備) | E62: =COUNTIF($D$3:D62,"*"&$B$3&"*") -> 0 | F62: =COUNTIF($D$3:D62,"*"&$B$4&"*") -> 0 | G62: =COUNTIF($D$3:D62,"*"&$B$5&"*") -> 0 | H62: =COUNTIF($D$3:D62,"*"&$B$6&"*") -> 60 | I62: =COUNTIF($D$3:D62,"*"&$B$7&"*") -> 60 | J62: =COUNTIF($D$3:D62,"*"&$B$8&"*") -> 60 | L62: {=IFERROR(INDEX(D:D,MATCH(ROW(60:60),E:E,0),1),"")} | N62: {=IFERROR(INDEX(D:D,MATCH(ROW(60:60),F:F,0),1),"")} | P62: {=IFERROR(INDEX(D:D,MATCH(ROW(60:60),G:G,0),1),"")} | R62: {=IFERROR(INDEX(D:D,MATCH(ROW(60:60),H:H,0),1),"")} -> 132540 雑労/警備員費(重点警備) | T62: {=IFERROR(INDEX(D:D,MATCH(ROW(60:60),I:I,0),1),"")} -> 132540 雑労/警備員費(重点警備) | V62: {=IFERROR(INDEX(D:D,MATCH(ROW(60:60),J:J,0),1),"")} -> 132540 雑労/警備員費(重点警備)
D63: 132543 雑労/警備員費(ｽﾎﾟｯﾄ) | E63: =COUNTIF($D$3:D63,"*"&$B$3&"*") -> 0 | F63: =COUNTIF($D$3:D63,"*"&$B$4&"*") -> 0 | G63: =COUNTIF($D$3:D63,"*"&$B$5&"*") -> 0 | H63: =COUNTIF($D$3:D63,"*"&$B$6&"*") -> 61 | I63: =COUNTIF($D$3:D63,"*"&$B$7&"*") -> 61 | J63: =COUNTIF($D$3:D63,"*"&$B$8&"*") -> 61 | L63: {=IFERROR(INDEX(D:D,MATCH(ROW(61:61),E:E,0),1),"")} | N63: {=IFERROR(INDEX(D:D,MATCH(ROW(61:61),F:F,0),1),"")} | P63: {=IFERROR(INDEX(D:D,MATCH(ROW(61:61),G:G,0),1),"")} | R63: {=IFERROR(INDEX(D:D,MATCH(ROW(61:61),H:H,0),1),"")} -> 132543 雑労/警備員費(ｽﾎﾟｯﾄ) | T63: {=IFERROR(INDEX(D:D,MATCH(ROW(61:61),I:I,0),1),"")} -> 132543 雑労/警備員費(ｽﾎﾟｯﾄ) | V63: {=IFERROR(INDEX(D:D,MATCH(ROW(61:61),J:J,0),1),"")} -> 132543 雑労/警備員費(ｽﾎﾟｯﾄ)
D64: 132546 雑労/雑土工 | E64: =COUNTIF($D$3:D64,"*"&$B$3&"*") -> 0 | F64: =COUNTIF($D$3:D64,"*"&$B$4&"*") -> 0 | G64: =COUNTIF($D$3:D64,"*"&$B$5&"*") -> 0 | H64: =COUNTIF($D$3:D64,"*"&$B$6&"*") -> 62 | I64: =COUNTIF($D$3:D64,"*"&$B$7&"*") -> 62 | J64: =COUNTIF($D$3:D64,"*"&$B$8&"*") -> 62 | L64: {=IFERROR(INDEX(D:D,MATCH(ROW(62:62),E:E,0),1),"")} | N64: {=IFERROR(INDEX(D:D,MATCH(ROW(62:62),F:F,0),1),"")} | P64: {=IFERROR(INDEX(D:D,MATCH(ROW(62:62),G:G,0),1),"")} | R64: {=IFERROR(INDEX(D:D,MATCH(ROW(62:62),H:H,0),1),"")} -> 132546 雑労/雑土工 | T64: {=IFERROR(INDEX(D:D,MATCH(ROW(62:62),I:I,0),1),"")} -> 132546 雑労/雑土工 | V64: {=IFERROR(INDEX(D:D,MATCH(ROW(62:62),J:J,0),1),"")} -> 132546 雑労/雑土工
D65: 132549 雑労/工事中駐車料金 | E65: =COUNTIF($D$3:D65,"*"&$B$3&"*") -> 0 | F65: =COUNTIF($D$3:D65,"*"&$B$4&"*") -> 0 | G65: =COUNTIF($D$3:D65,"*"&$B$5&"*") -> 0 | H65: =COUNTIF($D$3:D65,"*"&$B$6&"*") -> 63 | I65: =COUNTIF($D$3:D65,"*"&$B$7&"*") -> 63 | J65: =COUNTIF($D$3:D65,"*"&$B$8&"*") -> 63 | L65: {=IFERROR(INDEX(D:D,MATCH(ROW(63:63),E:E,0),1),"")} | N65: {=IFERROR(INDEX(D:D,MATCH(ROW(63:63),F:F,0),1),"")} | P65: {=IFERROR(INDEX(D:D,MATCH(ROW(63:63),G:G,0),1),"")} | R65: {=IFERROR(INDEX(D:D,MATCH(ROW(63:63),H:H,0),1),"")} -> 132549 雑労/工事中駐車料金 | T65: {=IFERROR(INDEX(D:D,MATCH(ROW(63:63),I:I,0),1),"")} -> 132549 雑労/工事中駐車料金 | V65: {=IFERROR(INDEX(D:D,MATCH(ROW(63:63),J:J,0),1),"")} -> 132549 雑労/工事中駐車料金
D66: 132552 雑労/測量費 | E66: =COUNTIF($D$3:D66,"*"&$B$3&"*") -> 0 | F66: =COUNTIF($D$3:D66,"*"&$B$4&"*") -> 0 | G66: =COUNTIF($D$3:D66,"*"&$B$5&"*") -> 0 | H66: =COUNTIF($D$3:D66,"*"&$B$6&"*") -> 64 | I66: =COUNTIF($D$3:D66,"*"&$B$7&"*") -> 64 | J66: =COUNTIF($D$3:D66,"*"&$B$8&"*") -> 64 | L66: {=IFERROR(INDEX(D:D,MATCH(ROW(64:64),E:E,0),1),"")} | N66: {=IFERROR(INDEX(D:D,MATCH(ROW(64:64),F:F,0),1),"")} | P66: {=IFERROR(INDEX(D:D,MATCH(ROW(64:64),G:G,0),1),"")} | R66: {=IFERROR(INDEX(D:D,MATCH(ROW(64:64),H:H,0),1),"")} -> 132552 雑労/測量費 | T66: {=IFERROR(INDEX(D:D,MATCH(ROW(64:64),I:I,0),1),"")} -> 132552 雑労/測量費 | V66: {=IFERROR(INDEX(D:D,MATCH(ROW(64:64),J:J,0),1),"")} -> 132552 雑労/測量費
D67: 132555 雑労/VOC濃度測定 | E67: =COUNTIF($D$3:D67,"*"&$B$3&"*") -> 0 | F67: =COUNTIF($D$3:D67,"*"&$B$4&"*") -> 0 | G67: =COUNTIF($D$3:D67,"*"&$B$5&"*") -> 0 | H67: =COUNTIF($D$3:D67,"*"&$B$6&"*") -> 65 | I67: =COUNTIF($D$3:D67,"*"&$B$7&"*") -> 65 | J67: =COUNTIF($D$3:D67,"*"&$B$8&"*") -> 65 | L67: {=IFERROR(INDEX(D:D,MATCH(ROW(65:65),E:E,0),1),"")} | N67: {=IFERROR(INDEX(D:D,MATCH(ROW(65:65),F:F,0),1),"")} | P67: {=IFERROR(INDEX(D:D,MATCH(ROW(65:65),G:G,0),1),"")} | R67: {=IFERROR(INDEX(D:D,MATCH(ROW(65:65),H:H,0),1),"")} -> 132555 雑労/VOC濃度測定 | T67: {=IFERROR(INDEX(D:D,MATCH(ROW(65:65),I:I,0),1),"")} -> 132555 雑労/VOC濃度測定 | V67: {=IFERROR(INDEX(D:D,MATCH(ROW(65:65),J:J,0),1),"")} -> 132555 雑労/VOC濃度測定
D68: 132595 雑労/その他 | E68: =COUNTIF($D$3:D68,"*"&$B$3&"*") -> 0 | F68: =COUNTIF($D$3:D68,"*"&$B$4&"*") -> 0 | G68: =COUNTIF($D$3:D68,"*"&$B$5&"*") -> 0 | H68: =COUNTIF($D$3:D68,"*"&$B$6&"*") -> 66 | I68: =COUNTIF($D$3:D68,"*"&$B$7&"*") -> 66 | J68: =COUNTIF($D$3:D68,"*"&$B$8&"*") -> 66 | L68: {=IFERROR(INDEX(D:D,MATCH(ROW(66:66),E:E,0),1),"")} | N68: {=IFERROR(INDEX(D:D,MATCH(ROW(66:66),F:F,0),1),"")} | P68: {=IFERROR(INDEX(D:D,MATCH(ROW(66:66),G:G,0),1),"")} | R68: {=IFERROR(INDEX(D:D,MATCH(ROW(66:66),H:H,0),1),"")} -> 132595 雑労/その他 | T68: {=IFERROR(INDEX(D:D,MATCH(ROW(66:66),I:I,0),1),"")} -> 132595 雑労/その他 | V68: {=IFERROR(INDEX(D:D,MATCH(ROW(66:66),J:J,0),1),"")} -> 132595 雑労/その他
D69: 132813 経費/電線養生費 | E69: =COUNTIF($D$3:D69,"*"&$B$3&"*") -> 0 | F69: =COUNTIF($D$3:D69,"*"&$B$4&"*") -> 0 | G69: =COUNTIF($D$3:D69,"*"&$B$5&"*") -> 0 | H69: =COUNTIF($D$3:D69,"*"&$B$6&"*") -> 67 | I69: =COUNTIF($D$3:D69,"*"&$B$7&"*") -> 67 | J69: =COUNTIF($D$3:D69,"*"&$B$8&"*") -> 67 | L69: {=IFERROR(INDEX(D:D,MATCH(ROW(67:67),E:E,0),1),"")} | N69: {=IFERROR(INDEX(D:D,MATCH(ROW(67:67),F:F,0),1),"")} | P69: {=IFERROR(INDEX(D:D,MATCH(ROW(67:67),G:G,0),1),"")} | R69: {=IFERROR(INDEX(D:D,MATCH(ROW(67:67),H:H,0),1),"")} -> 132813 経費/電線養生費 | T69: {=IFERROR(INDEX(D:D,MATCH(ROW(67:67),I:I,0),1),"")} -> 132813 経費/電線養生費 | V69: {=IFERROR(INDEX(D:D,MATCH(ROW(67:67),J:J,0),1),"")} -> 132813 経費/電線養生費
D70: 132816 経費/通信費 | E70: =COUNTIF($D$3:D70,"*"&$B$3&"*") -> 0 | F70: =COUNTIF($D$3:D70,"*"&$B$4&"*") -> 0 | G70: =COUNTIF($D$3:D70,"*"&$B$5&"*") -> 0 | H70: =COUNTIF($D$3:D70,"*"&$B$6&"*") -> 68 | I70: =COUNTIF($D$3:D70,"*"&$B$7&"*") -> 68 | J70: =COUNTIF($D$3:D70,"*"&$B$8&"*") -> 68 | L70: {=IFERROR(INDEX(D:D,MATCH(ROW(68:68),E:E,0),1),"")} | N70: {=IFERROR(INDEX(D:D,MATCH(ROW(68:68),F:F,0),1),"")} | P70: {=IFERROR(INDEX(D:D,MATCH(ROW(68:68),G:G,0),1),"")} | R70: {=IFERROR(INDEX(D:D,MATCH(ROW(68:68),H:H,0),1),"")} -> 132816 経費/通信費 | T70: {=IFERROR(INDEX(D:D,MATCH(ROW(68:68),I:I,0),1),"")} -> 132816 経費/通信費 | V70: {=IFERROR(INDEX(D:D,MATCH(ROW(68:68),J:J,0),1),"")} -> 132816 経費/通信費
D71: 132819 経費/仮設電気料金 | E71: =COUNTIF($D$3:D71,"*"&$B$3&"*") -> 0 | F71: =COUNTIF($D$3:D71,"*"&$B$4&"*") -> 0 | G71: =COUNTIF($D$3:D71,"*"&$B$5&"*") -> 0 | H71: =COUNTIF($D$3:D71,"*"&$B$6&"*") -> 69 | I71: =COUNTIF($D$3:D71,"*"&$B$7&"*") -> 69 | J71: =COUNTIF($D$3:D71,"*"&$B$8&"*") -> 69 | L71: {=IFERROR(INDEX(D:D,MATCH(ROW(69:69),E:E,0),1),"")} | N71: {=IFERROR(INDEX(D:D,MATCH(ROW(69:69),F:F,0),1),"")} | P71: {=IFERROR(INDEX(D:D,MATCH(ROW(69:69),G:G,0),1),"")} | R71: {=IFERROR(INDEX(D:D,MATCH(ROW(69:69),H:H,0),1),"")} -> 132819 経費/仮設電気料金 | T71: {=IFERROR(INDEX(D:D,MATCH(ROW(69:69),I:I,0),1),"")} -> 132819 経費/仮設電気料金 | V71: {=IFERROR(INDEX(D:D,MATCH(ROW(69:69),J:J,0),1),"")} -> 132819 経費/仮設電気料金
D72: 132822 経費/仮設水道料金 | E72: =COUNTIF($D$3:D72,"*"&$B$3&"*") -> 0 | F72: =COUNTIF($D$3:D72,"*"&$B$4&"*") -> 0 | G72: =COUNTIF($D$3:D72,"*"&$B$5&"*") -> 0 | H72: =COUNTIF($D$3:D72,"*"&$B$6&"*") -> 70 | I72: =COUNTIF($D$3:D72,"*"&$B$7&"*") -> 70 | J72: =COUNTIF($D$3:D72,"*"&$B$8&"*") -> 70 | L72: {=IFERROR(INDEX(D:D,MATCH(ROW(70:70),E:E,0),1),"")} | N72: {=IFERROR(INDEX(D:D,MATCH(ROW(70:70),F:F,0),1),"")} | P72: {=IFERROR(INDEX(D:D,MATCH(ROW(70:70),G:G,0),1),"")} | R72: {=IFERROR(INDEX(D:D,MATCH(ROW(70:70),H:H,0),1),"")} -> 132822 経費/仮設水道料金 | T72: {=IFERROR(INDEX(D:D,MATCH(ROW(70:70),I:I,0),1),"")} -> 132822 経費/仮設水道料金 | V72: {=IFERROR(INDEX(D:D,MATCH(ROW(70:70),J:J,0),1),"")} -> 132822 経費/仮設水道料金
D73: 132825 経費/仮設ｶﾞｽ料金 | E73: =COUNTIF($D$3:D73,"*"&$B$3&"*") -> 0 | F73: =COUNTIF($D$3:D73,"*"&$B$4&"*") -> 0 | G73: =COUNTIF($D$3:D73,"*"&$B$5&"*") -> 0 | H73: =COUNTIF($D$3:D73,"*"&$B$6&"*") -> 71 | I73: =COUNTIF($D$3:D73,"*"&$B$7&"*") -> 71 | J73: =COUNTIF($D$3:D73,"*"&$B$8&"*") -> 71 | L73: {=IFERROR(INDEX(D:D,MATCH(ROW(71:71),E:E,0),1),"")} | N73: {=IFERROR(INDEX(D:D,MATCH(ROW(71:71),F:F,0),1),"")} | P73: {=IFERROR(INDEX(D:D,MATCH(ROW(71:71),G:G,0),1),"")} | R73: {=IFERROR(INDEX(D:D,MATCH(ROW(71:71),H:H,0),1),"")} -> 132825 経費/仮設ｶﾞｽ料金 | T73: {=IFERROR(INDEX(D:D,MATCH(ROW(71:71),I:I,0),1),"")} -> 132825 経費/仮設ｶﾞｽ料金 | V73: {=IFERROR(INDEX(D:D,MATCH(ROW(71:71),J:J,0),1),"")} -> 132825 経費/仮設ｶﾞｽ料金
D74: 132828 経費/現場事務所･駐車場家賃 | E74: =COUNTIF($D$3:D74,"*"&$B$3&"*") -> 0 | F74: =COUNTIF($D$3:D74,"*"&$B$4&"*") -> 0 | G74: =COUNTIF($D$3:D74,"*"&$B$5&"*") -> 0 | H74: =COUNTIF($D$3:D74,"*"&$B$6&"*") -> 72 | I74: =COUNTIF($D$3:D74,"*"&$B$7&"*") -> 72 | J74: =COUNTIF($D$3:D74,"*"&$B$8&"*") -> 72 | L74: {=IFERROR(INDEX(D:D,MATCH(ROW(72:72),E:E,0),1),"")} | N74: {=IFERROR(INDEX(D:D,MATCH(ROW(72:72),F:F,0),1),"")} | P74: {=IFERROR(INDEX(D:D,MATCH(ROW(72:72),G:G,0),1),"")} | R74: {=IFERROR(INDEX(D:D,MATCH(ROW(72:72),H:H,0),1),"")} -> 132828 経費/現場事務所･駐車場家賃 | T74: {=IFERROR(INDEX(D:D,MATCH(ROW(72:72),I:I,0),1),"")} -> 132828 経費/現場事務所･駐車場家賃 | V74: {=IFERROR(INDEX(D:D,MATCH(ROW(72:72),J:J,0),1),"")} -> 132828 経費/現場事務所･駐車場家賃
D75: 132831 経費/現場事務所(その他) | E75: =COUNTIF($D$3:D75,"*"&$B$3&"*") -> 0 | F75: =COUNTIF($D$3:D75,"*"&$B$4&"*") -> 0 | G75: =COUNTIF($D$3:D75,"*"&$B$5&"*") -> 0 | H75: =COUNTIF($D$3:D75,"*"&$B$6&"*") -> 73 | I75: =COUNTIF($D$3:D75,"*"&$B$7&"*") -> 73 | J75: =COUNTIF($D$3:D75,"*"&$B$8&"*") -> 73 | L75: {=IFERROR(INDEX(D:D,MATCH(ROW(73:73),E:E,0),1),"")} | N75: {=IFERROR(INDEX(D:D,MATCH(ROW(73:73),F:F,0),1),"")} | P75: {=IFERROR(INDEX(D:D,MATCH(ROW(73:73),G:G,0),1),"")} | R75: {=IFERROR(INDEX(D:D,MATCH(ROW(73:73),H:H,0),1),"")} -> 132831 経費/現場事務所(その他) | T75: {=IFERROR(INDEX(D:D,MATCH(ROW(73:73),I:I,0),1),"")} -> 132831 経費/現場事務所(その他) | V75: {=IFERROR(INDEX(D:D,MATCH(ROW(73:73),J:J,0),1),"")} -> 132831 経費/現場事務所(その他)
D76: 132834 経費/現場事務所仮設(仕上･設備共) | E76: =COUNTIF($D$3:D76,"*"&$B$3&"*") -> 0 | F76: =COUNTIF($D$3:D76,"*"&$B$4&"*") -> 0 | G76: =COUNTIF($D$3:D76,"*"&$B$5&"*") -> 0 | H76: =COUNTIF($D$3:D76,"*"&$B$6&"*") -> 74 | I76: =COUNTIF($D$3:D76,"*"&$B$7&"*") -> 74 | J76: =COUNTIF($D$3:D76,"*"&$B$8&"*") -> 74 | L76: {=IFERROR(INDEX(D:D,MATCH(ROW(74:74),E:E,0),1),"")} | N76: {=IFERROR(INDEX(D:D,MATCH(ROW(74:74),F:F,0),1),"")} | P76: {=IFERROR(INDEX(D:D,MATCH(ROW(74:74),G:G,0),1),"")} | R76: {=IFERROR(INDEX(D:D,MATCH(ROW(74:74),H:H,0),1),"")} -> 132834 経費/現場事務所仮設(仕上･設備共) | T76: {=IFERROR(INDEX(D:D,MATCH(ROW(74:74),I:I,0),1),"")} -> 132834 経費/現場事務所仮設(仕上･設備共) | V76: {=IFERROR(INDEX(D:D,MATCH(ROW(74:74),J:J,0),1),"")} -> 132834 経費/現場事務所仮設(仕上･設備共)
D77: 132837 経費/現場事務所用電気料金 | E77: =COUNTIF($D$3:D77,"*"&$B$3&"*") -> 0 | F77: =COUNTIF($D$3:D77,"*"&$B$4&"*") -> 0 | G77: =COUNTIF($D$3:D77,"*"&$B$5&"*") -> 0 | H77: =COUNTIF($D$3:D77,"*"&$B$6&"*") -> 75 | I77: =COUNTIF($D$3:D77,"*"&$B$7&"*") -> 75 | J77: =COUNTIF($D$3:D77,"*"&$B$8&"*") -> 75 | L77: {=IFERROR(INDEX(D:D,MATCH(ROW(75:75),E:E,0),1),"")} | N77: {=IFERROR(INDEX(D:D,MATCH(ROW(75:75),F:F,0),1),"")} | P77: {=IFERROR(INDEX(D:D,MATCH(ROW(75:75),G:G,0),1),"")} | R77: {=IFERROR(INDEX(D:D,MATCH(ROW(75:75),H:H,0),1),"")} -> 132837 経費/現場事務所用電気料金 | T77: {=IFERROR(INDEX(D:D,MATCH(ROW(75:75),I:I,0),1),"")} -> 132837 経費/現場事務所用電気料金 | V77: {=IFERROR(INDEX(D:D,MATCH(ROW(75:75),J:J,0),1),"")} -> 132837 経費/現場事務所用電気料金
D78: 132840 経費/現場事務所用水道料金 | E78: =COUNTIF($D$3:D78,"*"&$B$3&"*") -> 0 | F78: =COUNTIF($D$3:D78,"*"&$B$4&"*") -> 0 | G78: =COUNTIF($D$3:D78,"*"&$B$5&"*") -> 0 | H78: =COUNTIF($D$3:D78,"*"&$B$6&"*") -> 76 | I78: =COUNTIF($D$3:D78,"*"&$B$7&"*") -> 76 | J78: =COUNTIF($D$3:D78,"*"&$B$8&"*") -> 76 | L78: {=IFERROR(INDEX(D:D,MATCH(ROW(76:76),E:E,0),1),"")} | N78: {=IFERROR(INDEX(D:D,MATCH(ROW(76:76),F:F,0),1),"")} | P78: {=IFERROR(INDEX(D:D,MATCH(ROW(76:76),G:G,0),1),"")} | R78: {=IFERROR(INDEX(D:D,MATCH(ROW(76:76),H:H,0),1),"")} -> 132840 経費/現場事務所用水道料金 | T78: {=IFERROR(INDEX(D:D,MATCH(ROW(76:76),I:I,0),1),"")} -> 132840 経費/現場事務所用水道料金 | V78: {=IFERROR(INDEX(D:D,MATCH(ROW(76:76),J:J,0),1),"")} -> 132840 経費/現場事務所用水道料金
D79: 132843 経費/現場事務所用ｶﾞｽ料金 | E79: =COUNTIF($D$3:D79,"*"&$B$3&"*") -> 0 | F79: =COUNTIF($D$3:D79,"*"&$B$4&"*") -> 0 | G79: =COUNTIF($D$3:D79,"*"&$B$5&"*") -> 0 | H79: =COUNTIF($D$3:D79,"*"&$B$6&"*") -> 77 | I79: =COUNTIF($D$3:D79,"*"&$B$7&"*") -> 77 | J79: =COUNTIF($D$3:D79,"*"&$B$8&"*") -> 77 | L79: {=IFERROR(INDEX(D:D,MATCH(ROW(77:77),E:E,0),1),"")} | N79: {=IFERROR(INDEX(D:D,MATCH(ROW(77:77),F:F,0),1),"")} | P79: {=IFERROR(INDEX(D:D,MATCH(ROW(77:77),G:G,0),1),"")} | R79: {=IFERROR(INDEX(D:D,MATCH(ROW(77:77),H:H,0),1),"")} -> 132843 経費/現場事務所用ｶﾞｽ料金 | T79: {=IFERROR(INDEX(D:D,MATCH(ROW(77:77),I:I,0),1),"")} -> 132843 経費/現場事務所用ｶﾞｽ料金 | V79: {=IFERROR(INDEX(D:D,MATCH(ROW(77:77),J:J,0),1),"")} -> 132843 経費/現場事務所用ｶﾞｽ料金
D80: 132846 経費/施工図作成費 | E80: =COUNTIF($D$3:D80,"*"&$B$3&"*") -> 0 | F80: =COUNTIF($D$3:D80,"*"&$B$4&"*") -> 0 | G80: =COUNTIF($D$3:D80,"*"&$B$5&"*") -> 0 | H80: =COUNTIF($D$3:D80,"*"&$B$6&"*") -> 78 | I80: =COUNTIF($D$3:D80,"*"&$B$7&"*") -> 78 | J80: =COUNTIF($D$3:D80,"*"&$B$8&"*") -> 78 | L80: {=IFERROR(INDEX(D:D,MATCH(ROW(78:78),E:E,0),1),"")} | N80: {=IFERROR(INDEX(D:D,MATCH(ROW(78:78),F:F,0),1),"")} | P80: {=IFERROR(INDEX(D:D,MATCH(ROW(78:78),G:G,0),1),"")} | R80: {=IFERROR(INDEX(D:D,MATCH(ROW(78:78),H:H,0),1),"")} -> 132846 経費/施工図作成費 | T80: {=IFERROR(INDEX(D:D,MATCH(ROW(78:78),I:I,0),1),"")} -> 132846 経費/施工図作成費 | V80: {=IFERROR(INDEX(D:D,MATCH(ROW(78:78),J:J,0),1),"")} -> 132846 経費/施工図作成費
D81: 132849 経費/PDF書籍化 | E81: =COUNTIF($D$3:D81,"*"&$B$3&"*") -> 0 | F81: =COUNTIF($D$3:D81,"*"&$B$4&"*") -> 0 | G81: =COUNTIF($D$3:D81,"*"&$B$5&"*") -> 0 | H81: =COUNTIF($D$3:D81,"*"&$B$6&"*") -> 79 | I81: =COUNTIF($D$3:D81,"*"&$B$7&"*") -> 79 | J81: =COUNTIF($D$3:D81,"*"&$B$8&"*") -> 79 | L81: {=IFERROR(INDEX(D:D,MATCH(ROW(79:79),E:E,0),1),"")} | N81: {=IFERROR(INDEX(D:D,MATCH(ROW(79:79),F:F,0),1),"")} | P81: {=IFERROR(INDEX(D:D,MATCH(ROW(79:79),G:G,0),1),"")} | R81: {=IFERROR(INDEX(D:D,MATCH(ROW(79:79),H:H,0),1),"")} -> 132849 経費/PDF書籍化 | T81: {=IFERROR(INDEX(D:D,MATCH(ROW(79:79),I:I,0),1),"")} -> 132849 経費/PDF書籍化 | V81: {=IFERROR(INDEX(D:D,MATCH(ROW(79:79),J:J,0),1),"")} -> 132849 経費/PDF書籍化
D82: 132852 経費/境界復旧費(事後) | E82: =COUNTIF($D$3:D82,"*"&$B$3&"*") -> 0 | F82: =COUNTIF($D$3:D82,"*"&$B$4&"*") -> 0 | G82: =COUNTIF($D$3:D82,"*"&$B$5&"*") -> 0 | H82: =COUNTIF($D$3:D82,"*"&$B$6&"*") -> 80 | I82: =COUNTIF($D$3:D82,"*"&$B$7&"*") -> 80 | J82: =COUNTIF($D$3:D82,"*"&$B$8&"*") -> 80 | L82: {=IFERROR(INDEX(D:D,MATCH(ROW(80:80),E:E,0),1),"")} | N82: {=IFERROR(INDEX(D:D,MATCH(ROW(80:80),F:F,0),1),"")} | P82: {=IFERROR(INDEX(D:D,MATCH(ROW(80:80),G:G,0),1),"")} | R82: {=IFERROR(INDEX(D:D,MATCH(ROW(80:80),H:H,0),1),"")} -> 132852 経費/境界復旧費(事後) | T82: {=IFERROR(INDEX(D:D,MATCH(ROW(80:80),I:I,0),1),"")} -> 132852 経費/境界復旧費(事後) | V82: {=IFERROR(INDEX(D:D,MATCH(ROW(80:80),J:J,0),1),"")} -> 132852 経費/境界復旧費(事後)
D83: 132855 経費/道路占用料･道路許可申請料 | E83: =COUNTIF($D$3:D83,"*"&$B$3&"*") -> 0 | F83: =COUNTIF($D$3:D83,"*"&$B$4&"*") -> 0 | G83: =COUNTIF($D$3:D83,"*"&$B$5&"*") -> 0 | H83: =COUNTIF($D$3:D83,"*"&$B$6&"*") -> 81 | I83: =COUNTIF($D$3:D83,"*"&$B$7&"*") -> 81 | J83: =COUNTIF($D$3:D83,"*"&$B$8&"*") -> 81 | L83: {=IFERROR(INDEX(D:D,MATCH(ROW(81:81),E:E,0),1),"")} | N83: {=IFERROR(INDEX(D:D,MATCH(ROW(81:81),F:F,0),1),"")} | P83: {=IFERROR(INDEX(D:D,MATCH(ROW(81:81),G:G,0),1),"")} | R83: {=IFERROR(INDEX(D:D,MATCH(ROW(81:81),H:H,0),1),"")} -> 132855 経費/道路占用料･道路許可申請料 | T83: {=IFERROR(INDEX(D:D,MATCH(ROW(81:81),I:I,0),1),"")} -> 132855 経費/道路占用料･道路許可申請料 | V83: {=IFERROR(INDEX(D:D,MATCH(ROW(81:81),J:J,0),1),"")} -> 132855 経費/道路占用料･道路許可申請料
D84: 132858 経費/仮設広告申請費 | E84: =COUNTIF($D$3:D84,"*"&$B$3&"*") -> 0 | F84: =COUNTIF($D$3:D84,"*"&$B$4&"*") -> 0 | G84: =COUNTIF($D$3:D84,"*"&$B$5&"*") -> 0 | H84: =COUNTIF($D$3:D84,"*"&$B$6&"*") -> 82 | I84: =COUNTIF($D$3:D84,"*"&$B$7&"*") -> 82 | J84: =COUNTIF($D$3:D84,"*"&$B$8&"*") -> 82 | L84: {=IFERROR(INDEX(D:D,MATCH(ROW(82:82),E:E,0),1),"")} | N84: {=IFERROR(INDEX(D:D,MATCH(ROW(82:82),F:F,0),1),"")} | P84: {=IFERROR(INDEX(D:D,MATCH(ROW(82:82),G:G,0),1),"")} | R84: {=IFERROR(INDEX(D:D,MATCH(ROW(82:82),H:H,0),1),"")} -> 132858 経費/仮設広告申請費 | T84: {=IFERROR(INDEX(D:D,MATCH(ROW(82:82),I:I,0),1),"")} -> 132858 経費/仮設広告申請費 | V84: {=IFERROR(INDEX(D:D,MATCH(ROW(82:82),J:J,0),1),"")} -> 132858 経費/仮設広告申請費
D85: 132861 経費/保安協会申請費 | E85: =COUNTIF($D$3:D85,"*"&$B$3&"*") -> 0 | F85: =COUNTIF($D$3:D85,"*"&$B$4&"*") -> 0 | G85: =COUNTIF($D$3:D85,"*"&$B$5&"*") -> 0 | H85: =COUNTIF($D$3:D85,"*"&$B$6&"*") -> 83 | I85: =COUNTIF($D$3:D85,"*"&$B$7&"*") -> 83 | J85: =COUNTIF($D$3:D85,"*"&$B$8&"*") -> 83 | L85: {=IFERROR(INDEX(D:D,MATCH(ROW(83:83),E:E,0),1),"")} | N85: {=IFERROR(INDEX(D:D,MATCH(ROW(83:83),F:F,0),1),"")} | P85: {=IFERROR(INDEX(D:D,MATCH(ROW(83:83),G:G,0),1),"")} | R85: {=IFERROR(INDEX(D:D,MATCH(ROW(83:83),H:H,0),1),"")} -> 132861 経費/保安協会申請費 | T85: {=IFERROR(INDEX(D:D,MATCH(ROW(83:83),I:I,0),1),"")} -> 132861 経費/保安協会申請費 | V85: {=IFERROR(INDEX(D:D,MATCH(ROW(83:83),J:J,0),1),"")} -> 132861 経費/保安協会申請費
D86: 132864 経費/旅費交通費 | E86: =COUNTIF($D$3:D86,"*"&$B$3&"*") -> 0 | F86: =COUNTIF($D$3:D86,"*"&$B$4&"*") -> 0 | G86: =COUNTIF($D$3:D86,"*"&$B$5&"*") -> 0 | H86: =COUNTIF($D$3:D86,"*"&$B$6&"*") -> 84 | I86: =COUNTIF($D$3:D86,"*"&$B$7&"*") -> 84 | J86: =COUNTIF($D$3:D86,"*"&$B$8&"*") -> 84 | L86: {=IFERROR(INDEX(D:D,MATCH(ROW(84:84),E:E,0),1),"")} | N86: {=IFERROR(INDEX(D:D,MATCH(ROW(84:84),F:F,0),1),"")} | P86: {=IFERROR(INDEX(D:D,MATCH(ROW(84:84),G:G,0),1),"")} | R86: {=IFERROR(INDEX(D:D,MATCH(ROW(84:84),H:H,0),1),"")} -> 132864 経費/旅費交通費 | T86: {=IFERROR(INDEX(D:D,MATCH(ROW(84:84),I:I,0),1),"")} -> 132864 経費/旅費交通費 | V86: {=IFERROR(INDEX(D:D,MATCH(ROW(84:84),J:J,0),1),"")} -> 132864 経費/旅費交通費
D87: 132867 経費/雑金物代 | E87: =COUNTIF($D$3:D87,"*"&$B$3&"*") -> 0 | F87: =COUNTIF($D$3:D87,"*"&$B$4&"*") -> 0 | G87: =COUNTIF($D$3:D87,"*"&$B$5&"*") -> 0 | H87: =COUNTIF($D$3:D87,"*"&$B$6&"*") -> 85 | I87: =COUNTIF($D$3:D87,"*"&$B$7&"*") -> 85 | J87: =COUNTIF($D$3:D87,"*"&$B$8&"*") -> 85 | L87: {=IFERROR(INDEX(D:D,MATCH(ROW(85:85),E:E,0),1),"")} | N87: {=IFERROR(INDEX(D:D,MATCH(ROW(85:85),F:F,0),1),"")} | P87: {=IFERROR(INDEX(D:D,MATCH(ROW(85:85),G:G,0),1),"")} | R87: {=IFERROR(INDEX(D:D,MATCH(ROW(85:85),H:H,0),1),"")} -> 132867 経費/雑金物代 | T87: {=IFERROR(INDEX(D:D,MATCH(ROW(85:85),I:I,0),1),"")} -> 132867 経費/雑金物代 | V87: {=IFERROR(INDEX(D:D,MATCH(ROW(85:85),J:J,0),1),"")} -> 132867 経費/雑金物代
D88: 132870 経費/電柱移設費 | E88: =COUNTIF($D$3:D88,"*"&$B$3&"*") -> 0 | F88: =COUNTIF($D$3:D88,"*"&$B$4&"*") -> 0 | G88: =COUNTIF($D$3:D88,"*"&$B$5&"*") -> 0 | H88: =COUNTIF($D$3:D88,"*"&$B$6&"*") -> 86 | I88: =COUNTIF($D$3:D88,"*"&$B$7&"*") -> 86 | J88: =COUNTIF($D$3:D88,"*"&$B$8&"*") -> 86 | L88: {=IFERROR(INDEX(D:D,MATCH(ROW(86:86),E:E,0),1),"")} | N88: {=IFERROR(INDEX(D:D,MATCH(ROW(86:86),F:F,0),1),"")} | P88: {=IFERROR(INDEX(D:D,MATCH(ROW(86:86),G:G,0),1),"")} | R88: {=IFERROR(INDEX(D:D,MATCH(ROW(86:86),H:H,0),1),"")} -> 132870 経費/電柱移設費 | T88: {=IFERROR(INDEX(D:D,MATCH(ROW(86:86),I:I,0),1),"")} -> 132870 経費/電柱移設費 | V88: {=IFERROR(INDEX(D:D,MATCH(ROW(86:86),J:J,0),1),"")} -> 132870 経費/電柱移設費
D89: 132873 経費/飲食代 | E89: =COUNTIF($D$3:D89,"*"&$B$3&"*") -> 0 | F89: =COUNTIF($D$3:D89,"*"&$B$4&"*") -> 0 | G89: =COUNTIF($D$3:D89,"*"&$B$5&"*") -> 0 | H89: =COUNTIF($D$3:D89,"*"&$B$6&"*") -> 87 | I89: =COUNTIF($D$3:D89,"*"&$B$7&"*") -> 87 | J89: =COUNTIF($D$3:D89,"*"&$B$8&"*") -> 87 | L89: {=IFERROR(INDEX(D:D,MATCH(ROW(87:87),E:E,0),1),"")} | N89: {=IFERROR(INDEX(D:D,MATCH(ROW(87:87),F:F,0),1),"")} | P89: {=IFERROR(INDEX(D:D,MATCH(ROW(87:87),G:G,0),1),"")} | R89: {=IFERROR(INDEX(D:D,MATCH(ROW(87:87),H:H,0),1),"")} -> 132873 経費/飲食代 | T89: {=IFERROR(INDEX(D:D,MATCH(ROW(87:87),I:I,0),1),"")} -> 132873 経費/飲食代 | V89: {=IFERROR(INDEX(D:D,MATCH(ROW(87:87),J:J,0),1),"")} -> 132873 経費/飲食代
D90: 132876 経費/食品代(軽減) | E90: =COUNTIF($D$3:D90,"*"&$B$3&"*") -> 0 | F90: =COUNTIF($D$3:D90,"*"&$B$4&"*") -> 0 | G90: =COUNTIF($D$3:D90,"*"&$B$5&"*") -> 0 | H90: =COUNTIF($D$3:D90,"*"&$B$6&"*") -> 88 | I90: =COUNTIF($D$3:D90,"*"&$B$7&"*") -> 88 | J90: =COUNTIF($D$3:D90,"*"&$B$8&"*") -> 88 | L90: {=IFERROR(INDEX(D:D,MATCH(ROW(88:88),E:E,0),1),"")} | N90: {=IFERROR(INDEX(D:D,MATCH(ROW(88:88),F:F,0),1),"")} | P90: {=IFERROR(INDEX(D:D,MATCH(ROW(88:88),G:G,0),1),"")} | R90: {=IFERROR(INDEX(D:D,MATCH(ROW(88:88),H:H,0),1),"")} -> 132876 経費/食品代(軽減) | T90: {=IFERROR(INDEX(D:D,MATCH(ROW(88:88),I:I,0),1),"")} -> 132876 経費/食品代(軽減) | V90: {=IFERROR(INDEX(D:D,MATCH(ROW(88:88),J:J,0),1),"")} -> 132876 経費/食品代(軽減)
D91: 132879 経費/交際費 | E91: =COUNTIF($D$3:D91,"*"&$B$3&"*") -> 0 | F91: =COUNTIF($D$3:D91,"*"&$B$4&"*") -> 0 | G91: =COUNTIF($D$3:D91,"*"&$B$5&"*") -> 0 | H91: =COUNTIF($D$3:D91,"*"&$B$6&"*") -> 89 | I91: =COUNTIF($D$3:D91,"*"&$B$7&"*") -> 89 | J91: =COUNTIF($D$3:D91,"*"&$B$8&"*") -> 89 | L91: {=IFERROR(INDEX(D:D,MATCH(ROW(89:89),E:E,0),1),"")} | N91: {=IFERROR(INDEX(D:D,MATCH(ROW(89:89),F:F,0),1),"")} | P91: {=IFERROR(INDEX(D:D,MATCH(ROW(89:89),G:G,0),1),"")} | R91: {=IFERROR(INDEX(D:D,MATCH(ROW(89:89),H:H,0),1),"")} -> 132879 経費/交際費 | T91: {=IFERROR(INDEX(D:D,MATCH(ROW(89:89),I:I,0),1),"")} -> 132879 経費/交際費 | V91: {=IFERROR(INDEX(D:D,MATCH(ROW(89:89),J:J,0),1),"")} -> 132879 経費/交際費
D92: 132882 経費/交際費(軽減) | E92: =COUNTIF($D$3:D92,"*"&$B$3&"*") -> 0 | F92: =COUNTIF($D$3:D92,"*"&$B$4&"*") -> 0 | G92: =COUNTIF($D$3:D92,"*"&$B$5&"*") -> 0 | H92: =COUNTIF($D$3:D92,"*"&$B$6&"*") -> 90 | I92: =COUNTIF($D$3:D92,"*"&$B$7&"*") -> 90 | J92: =COUNTIF($D$3:D92,"*"&$B$8&"*") -> 90 | L92: {=IFERROR(INDEX(D:D,MATCH(ROW(90:90),E:E,0),1),"")} | N92: {=IFERROR(INDEX(D:D,MATCH(ROW(90:90),F:F,0),1),"")} | P92: {=IFERROR(INDEX(D:D,MATCH(ROW(90:90),G:G,0),1),"")} | R92: {=IFERROR(INDEX(D:D,MATCH(ROW(90:90),H:H,0),1),"")} -> 132882 経費/交際費(軽減) | T92: {=IFERROR(INDEX(D:D,MATCH(ROW(90:90),I:I,0),1),"")} -> 132882 経費/交際費(軽減) | V92: {=IFERROR(INDEX(D:D,MATCH(ROW(90:90),J:J,0),1),"")} -> 132882 経費/交際費(軽減)
D93: 132885 経費/町会費 | E93: =COUNTIF($D$3:D93,"*"&$B$3&"*") -> 0 | F93: =COUNTIF($D$3:D93,"*"&$B$4&"*") -> 0 | G93: =COUNTIF($D$3:D93,"*"&$B$5&"*") -> 0 | H93: =COUNTIF($D$3:D93,"*"&$B$6&"*") -> 91 | I93: =COUNTIF($D$3:D93,"*"&$B$7&"*") -> 91 | J93: =COUNTIF($D$3:D93,"*"&$B$8&"*") -> 91 | L93: {=IFERROR(INDEX(D:D,MATCH(ROW(91:91),E:E,0),1),"")} | N93: {=IFERROR(INDEX(D:D,MATCH(ROW(91:91),F:F,0),1),"")} | P93: {=IFERROR(INDEX(D:D,MATCH(ROW(91:91),G:G,0),1),"")} | R93: {=IFERROR(INDEX(D:D,MATCH(ROW(91:91),H:H,0),1),"")} -> 132885 経費/町会費 | T93: {=IFERROR(INDEX(D:D,MATCH(ROW(91:91),I:I,0),1),"")} -> 132885 経費/町会費 | V93: {=IFERROR(INDEX(D:D,MATCH(ROW(91:91),J:J,0),1),"")} -> 132885 経費/町会費
D94: 132888 経費/消耗品 | E94: =COUNTIF($D$3:D94,"*"&$B$3&"*") -> 0 | F94: =COUNTIF($D$3:D94,"*"&$B$4&"*") -> 0 | G94: =COUNTIF($D$3:D94,"*"&$B$5&"*") -> 0 | H94: =COUNTIF($D$3:D94,"*"&$B$6&"*") -> 92 | I94: =COUNTIF($D$3:D94,"*"&$B$7&"*") -> 92 | J94: =COUNTIF($D$3:D94,"*"&$B$8&"*") -> 92 | L94: {=IFERROR(INDEX(D:D,MATCH(ROW(92:92),E:E,0),1),"")} | N94: {=IFERROR(INDEX(D:D,MATCH(ROW(92:92),F:F,0),1),"")} | P94: {=IFERROR(INDEX(D:D,MATCH(ROW(92:92),G:G,0),1),"")} | R94: {=IFERROR(INDEX(D:D,MATCH(ROW(92:92),H:H,0),1),"")} -> 132888 経費/消耗品 | T94: {=IFERROR(INDEX(D:D,MATCH(ROW(92:92),I:I,0),1),"")} -> 132888 経費/消耗品 | V94: {=IFERROR(INDEX(D:D,MATCH(ROW(92:92),J:J,0),1),"")} -> 132888 経費/消耗品
D95: 132895 経費/経費 | E95: =COUNTIF($D$3:D95,"*"&$B$3&"*") -> 0 | F95: =COUNTIF($D$3:D95,"*"&$B$4&"*") -> 0 | G95: =COUNTIF($D$3:D95,"*"&$B$5&"*") -> 0 | H95: =COUNTIF($D$3:D95,"*"&$B$6&"*") -> 93 | I95: =COUNTIF($D$3:D95,"*"&$B$7&"*") -> 93 | J95: =COUNTIF($D$3:D95,"*"&$B$8&"*") -> 93 | L95: {=IFERROR(INDEX(D:D,MATCH(ROW(93:93),E:E,0),1),"")} | N95: {=IFERROR(INDEX(D:D,MATCH(ROW(93:93),F:F,0),1),"")} | P95: {=IFERROR(INDEX(D:D,MATCH(ROW(93:93),G:G,0),1),"")} | R95: {=IFERROR(INDEX(D:D,MATCH(ROW(93:93),H:H,0),1),"")} -> 132895 経費/経費 | T95: {=IFERROR(INDEX(D:D,MATCH(ROW(93:93),I:I,0),1),"")} -> 132895 経費/経費 | V95: {=IFERROR(INDEX(D:D,MATCH(ROW(93:93),J:J,0),1),"")} -> 132895 経費/経費
D96: 231313 直接仮設工事 | E96: =COUNTIF($D$3:D96,"*"&$B$3&"*") -> 0 | F96: =COUNTIF($D$3:D96,"*"&$B$4&"*") -> 0 | G96: =COUNTIF($D$3:D96,"*"&$B$5&"*") -> 0 | H96: =COUNTIF($D$3:D96,"*"&$B$6&"*") -> 94 | I96: =COUNTIF($D$3:D96,"*"&$B$7&"*") -> 94 | J96: =COUNTIF($D$3:D96,"*"&$B$8&"*") -> 94 | L96: {=IFERROR(INDEX(D:D,MATCH(ROW(94:94),E:E,0),1),"")} | N96: {=IFERROR(INDEX(D:D,MATCH(ROW(94:94),F:F,0),1),"")} | P96: {=IFERROR(INDEX(D:D,MATCH(ROW(94:94),G:G,0),1),"")} | R96: {=IFERROR(INDEX(D:D,MATCH(ROW(94:94),H:H,0),1),"")} -> 231313 直接仮設工事 | T96: {=IFERROR(INDEX(D:D,MATCH(ROW(94:94),I:I,0),1),"")} -> 231313 直接仮設工事 | V96: {=IFERROR(INDEX(D:D,MATCH(ROW(94:94),J:J,0),1),"")} -> 231313 直接仮設工事
D97: 231316 直接仮設(材) | E97: =COUNTIF($D$3:D97,"*"&$B$3&"*") -> 0 | F97: =COUNTIF($D$3:D97,"*"&$B$4&"*") -> 0 | G97: =COUNTIF($D$3:D97,"*"&$B$5&"*") -> 0 | H97: =COUNTIF($D$3:D97,"*"&$B$6&"*") -> 95 | I97: =COUNTIF($D$3:D97,"*"&$B$7&"*") -> 95 | J97: =COUNTIF($D$3:D97,"*"&$B$8&"*") -> 95 | L97: {=IFERROR(INDEX(D:D,MATCH(ROW(95:95),E:E,0),1),"")} | N97: {=IFERROR(INDEX(D:D,MATCH(ROW(95:95),F:F,0),1),"")} | P97: {=IFERROR(INDEX(D:D,MATCH(ROW(95:95),G:G,0),1),"")} | R97: {=IFERROR(INDEX(D:D,MATCH(ROW(95:95),H:H,0),1),"")} -> 231316 直接仮設(材) | T97: {=IFERROR(INDEX(D:D,MATCH(ROW(95:95),I:I,0),1),"")} -> 231316 直接仮設(材) | V97: {=IFERROR(INDEX(D:D,MATCH(ROW(95:95),J:J,0),1),"")} -> 231316 直接仮設(材)
D98: 231319 直仮設/EV先行枠用先行足場 | E98: =COUNTIF($D$3:D98,"*"&$B$3&"*") -> 0 | F98: =COUNTIF($D$3:D98,"*"&$B$4&"*") -> 0 | G98: =COUNTIF($D$3:D98,"*"&$B$5&"*") -> 0 | H98: =COUNTIF($D$3:D98,"*"&$B$6&"*") -> 96 | I98: =COUNTIF($D$3:D98,"*"&$B$7&"*") -> 96 | J98: =COUNTIF($D$3:D98,"*"&$B$8&"*") -> 96 | L98: {=IFERROR(INDEX(D:D,MATCH(ROW(96:96),E:E,0),1),"")} | N98: {=IFERROR(INDEX(D:D,MATCH(ROW(96:96),F:F,0),1),"")} | P98: {=IFERROR(INDEX(D:D,MATCH(ROW(96:96),G:G,0),1),"")} | R98: {=IFERROR(INDEX(D:D,MATCH(ROW(96:96),H:H,0),1),"")} -> 231319 直仮設/EV先行枠用先行足場 | T98: {=IFERROR(INDEX(D:D,MATCH(ROW(96:96),I:I,0),1),"")} -> 231319 直仮設/EV先行枠用先行足場 | V98: {=IFERROR(INDEX(D:D,MATCH(ROW(96:96),J:J,0),1),"")} -> 231319 直仮設/EV先行枠用先行足場
D99: 231322 直仮設/左官ｺﾈ場屋根･囲い | E99: =COUNTIF($D$3:D99,"*"&$B$3&"*") -> 0 | F99: =COUNTIF($D$3:D99,"*"&$B$4&"*") -> 0 | G99: =COUNTIF($D$3:D99,"*"&$B$5&"*") -> 0 | H99: =COUNTIF($D$3:D99,"*"&$B$6&"*") -> 97 | I99: =COUNTIF($D$3:D99,"*"&$B$7&"*") -> 97 | J99: =COUNTIF($D$3:D99,"*"&$B$8&"*") -> 97 | L99: {=IFERROR(INDEX(D:D,MATCH(ROW(97:97),E:E,0),1),"")} | N99: {=IFERROR(INDEX(D:D,MATCH(ROW(97:97),F:F,0),1),"")} | P99: {=IFERROR(INDEX(D:D,MATCH(ROW(97:97),G:G,0),1),"")} | R99: {=IFERROR(INDEX(D:D,MATCH(ROW(97:97),H:H,0),1),"")} -> 231322 直仮設/左官ｺﾈ場屋根･囲い | T99: {=IFERROR(INDEX(D:D,MATCH(ROW(97:97),I:I,0),1),"")} -> 231322 直仮設/左官ｺﾈ場屋根･囲い | V99: {=IFERROR(INDEX(D:D,MATCH(ROW(97:97),J:J,0),1),"")} -> 231322 直仮設/左官ｺﾈ場屋根･囲い
D100: 231325 直仮設/看板用足場 | E100: =COUNTIF($D$3:D100,"*"&$B$3&"*") -> 0 | F100: =COUNTIF($D$3:D100,"*"&$B$4&"*") -> 0 | G100: =COUNTIF($D$3:D100,"*"&$B$5&"*") -> 0 | H100: =COUNTIF($D$3:D100,"*"&$B$6&"*") -> 98 | I100: =COUNTIF($D$3:D100,"*"&$B$7&"*") -> 98 | J100: =COUNTIF($D$3:D100,"*"&$B$8&"*") -> 98 | L100: {=IFERROR(INDEX(D:D,MATCH(ROW(98:98),E:E,0),1),"")} | N100: {=IFERROR(INDEX(D:D,MATCH(ROW(98:98),F:F,0),1),"")} | P100: {=IFERROR(INDEX(D:D,MATCH(ROW(98:98),G:G,0),1),"")} | R100: {=IFERROR(INDEX(D:D,MATCH(ROW(98:98),H:H,0),1),"")} -> 231325 直仮設/看板用足場 | T100: {=IFERROR(INDEX(D:D,MATCH(ROW(98:98),I:I,0),1),"")} -> 231325 直仮設/看板用足場 | V100: {=IFERROR(INDEX(D:D,MATCH(ROW(98:98),J:J,0),1),"")} -> 231325 直仮設/看板用足場
...

Sheet 消費税区分
B2: 消費税率
B3: 0.1
B4: 8%(軽減)
B5: 非課税
B6: 不課税
